 Dungeon Crawl Stone Soup version 0.27.0-1-g7a089689b8 (console) character file.

Game seed: 13115991991636916886

509402 ebering the Stormcaller (level 23, -2/211 HPs)
             Began as a Demigod Summoner on Aug 1, 2021.
             Splashed with acid (3 damage)
             ... on level 5 of the Pits of Slime on Aug 3, 2021.
             The game lasted 07:34:49 (84979 turns).

ebering the Stormcaller (Demigod Summoner)         Turns: 84979, Time: 07:34:50

Health: -2/211     AC: 14    Str: 24    XL:     23   Next: 18%
Magic:  33/40      EV: 18    Int: 40    God:
Gold:   1988       SH:  0    Dex: 10    Spells: 4/38 levels left

rFire    + . .     SeeInvis .   a - +8 lajatang (freeze) {battlemage}
rCold    + + .     Faith    .   (shield currently unavailable)
rNeg     + . .     Spirit   .   B - +4 Cigotuvi's embrace {rMiasma Drain rN+}
rPois    +         Reflect  .   N - +2 helmet {Int+3}
rElec    +         Harm     .   V - scarf {repulsion}
rCorr    +         Rampage  .   D - +2 pair of gloves
Will     +++..                  J - +5 pair of boots of the Thistle {rC+ rCorr Str+9 Dex-2}
Stlth    ++........             Y - amulet of magic regeneration
HPRegen  0.45/turn              e - ring "Rodeiwo" {Fly rElec rC+ rCorr}
MPRegen  0.52/turn              W - ring of Laraf {rPois rF+ Will+}

@: corroded, flying, hasted, repel missiles, very quick
A: high mp 1, forlorn, clumsy 1, dopey 2, sense surroundings 1, strong 1
}: 2/15 runes: serpentine, barnacled
a: no special abilities


You were on level 5 of the Pits of Slime.
You visited 9 branches of the dungeon, and saw 48 of its levels.
You visited 1 bazaar.

You collected 9043 gold pieces.
You spent 7055 gold pieces at shops.


Innate Abilities, Weirdness & Mutations

Your attributes grow dramatically as you level up.
You have an increased reservoir of magic. (+10% MP)
You shall have no god before yourself.
You are clumsy. (Dex -2)
You are very dopey. (Int -4)
You passively map a small area around you.
Your muscles are strong. (Str +2)


   Skills:
 + Level 18.8 Fighting
 - Level 0.8(9.3) Maces & Flails
 - Level 13.9(14.0) Staves
 - Level 11.1 Armour
 + Level 18.8 Dodging
 - Level 3.0 Stealth
 + Level 8.4 Spellcasting
 - Level 11.0 Conjurations
 - Level 8.0 Summonings
 - Level 6.0 Translocations
 - Level 19.0 Air Magic
 + Level 9.0 Evocations


Message History

* * * LOW HITPOINT WARNING * * *
Two slime creatures merge to form a large slime creature.
Your surroundings suddenly seem different.
Casting: Blink (safe; 1% risk of failure)
Confirm with . or Enter, or press ? or * to list all spells.
You blink.
The acid blob spits acid at you.
The splash of acid hits you but does no damage.
The acid corrodes you!
You are splashed with acid!
You resist.
* * * LOW HITPOINT WARNING * * *
Enter note: rip
Okay, then.
Casting: Blink (safe; 1% risk of failure)
Confirm with . or Enter, or press ? or * to list all spells.
Okay, then.
Okay, then.
Casting: Blink (safe; 1% risk of failure)
Confirm with . or Enter, or press ? or * to list all spells.
You blink.
Casting: Blink (safe; 1% risk of failure)
Confirm with . or Enter, or press ? or * to list all spells.
You blink.
The acid blob quivers.
A rockslime comes into view.
The rockslime quivers.
The acid blob spits acid at you.
The splash of acid hits you but does no damage.
The acid corrodes you!
You are splashed with acid.
You resist.
* * * LOW HITPOINT WARNING * * *
Okay, then.
As you read the scroll of fear, it crumbles to dust.
You assume a fearsome visage.
The acid blob resists with almost no effort. x2
The Royal Jelly resists with almost no effort.
The acid blob resists with almost no effort.
The rockslime looks frightened!
The slime creature looks frightened!
Casting: Blink (safe; 1% risk of failure)
Confirm with . or Enter, or press ? or * to list all spells.
You blink.
You are splashed with acid.
You resist.
You die...

░░◦◦◦◦··············≣◦◦◦
░◦·················≣░░░░
░░▒···J············≣ ░░◦
░◦················≣≣░◦◦
░◦▒················≣░◦◦
░░▒·················≣░◦
▒◦·········❋········░░
▒··▒·············J··≣≣
░░▒··@·····J·······❋❋❋
░▒··▒···········❋··❋❋J
▒··░▒▒····J····JJ·❋❋❋J
▒▒░░▒❋···········❋❋❋❋❋
▒············J❋···
▒▒▒···············
▒···············
▒▒▒▒····<·······
▒▒▒··········


You could see the Royal Jelly, an acid blob and a rockslime (fleeing).


You had 4 spell levels left.
You knew the following spells:

 Your Spells              Type           Power      Damage    Failure   Level
a - Maxwell's Capacitive  Air            53%        ∞         6%          8
b - Passage of Golubria   Tloc           N/A        N/A       1%          4
d - Summon Lightning Spi  Summ/Air       90%        N/A       1%          4
e - Lightning Bolt        Conj/Air       47%        1d68      1%          5
f - Conjure Ball Lightni  Conj/Air       47%        3x3d16    1%          6
B - Blink                 Tloc           N/A        N/A       1%          2
F - Summon Forest         Summ/Tloc      32%        N/A       3%          5

Your spell library contained the following spells:

 Spells                   Type           Power      Damage    Failure   Level
 Static Discharge         Conj/Air       95%        N/A       0%          2
 Magic Dart               Conj           100%       1d8       1%          1
 Summon Small Mammal      Summ           100%       N/A       1%          1
 Call Imp                 Summ           69%        N/A       1%          2
 Searing Ray              Conj           100%       3d7       1%          2
 Call Canine Familiar     Summ           69%        N/A       1%          3
 Dazzling Flash           Conj/Hex       100%       N/A       1%          3
 Mephitic Cloud           Conj/Pois/Air  77%        N/A       1%          3
 Portal Projectile        Hex/Tloc       80%        N/A       1%          3
 Summon Guardian Golem    Hex/Summ       48%        N/A       1%          3
 Iskenderun's Mystic Bla  Conj/Tloc      71%        2d14      1%          4
 Animate Skeleton         Necr           32%        N/A       2%          1
 Beastly Appendage        Tmut           32%        N/A       2%          1
 Pain                     Necr           64%        1d7       2%          1
 Sandblast                Erth           32%        2d9       2%          1
 Fulminant Prism          Conj/Hex       28%        3d14      2%          4
 Hailstorm                Conj/Ice       57%        3d12      2%          4
 Passwall                 Tmut/Erth      13%        N/A       3%          2
 Slow                     Hex            16%        N/A       3%          2
 Sublimation of Blood     Necr           8%         N/A       3%          2
 Wereblood                Tmut           16%        N/A       3%          2
 Summon Ice Beast         Ice/Summ       48%        N/A       4%          4
 Confusing Touch          Hex            16%        N/A       7%          3
 Ignite Poison            Fire/Tmut/Pois 16%        N/A       7%          3
 Spider Form              Tmut/Pois      8%         N/A       7%          3
 Vampiric Draining        Necr           8%         2d7       7%          3
 Animate Dead             Necr           8%         N/A       22%         4
 Ice Form                 Ice/Tmut       16%        N/A       22%         4
 Leda's Liquefaction      Hex/Erth       8%         N/A       22%         4
 Petrify                  Tmut/Erth      16%        N/A       22%         4
 Iskenderun's Battlesphe  Conj           81%        2d13      1%          5
 Silence                  Hex/Air        37%        N/A       1%          5
 Manifold Assault         Tloc           59%        N/A       5%          5
 Fireball                 Conj/Fire      28%        3d12      7%          5
 Summon Mana Viper        Hex/Summ       48%        N/A       12%         5
 Bolt of Magma            Conj/Fire/Erth 23%        4d11      14%         5
 Orb of Destruction       Conj           40%        9d14      22%         7
 Dispersal                Tloc           29%        N/A       30%         6
 Starburst                Conj/Fire      28%        8x6d9     36%         6
 Spellforged Servitor     Conj/Summ      37%        N/A       36%         7
 Agony                    Necr           16%        N/A       54%         5
 Alistair's Intoxication  Tmut/Pois      10%        N/A       54%         5
 Blade Hands              Tmut           8%         N/A       54%         5
 Borgnjor's Vile Clutch   Necr/Erth      8%         N/A       54%         5
 Excruciating Wounds      Necr           8%         N/A       54%         5
 Lee's Rapid Deconstruct  Erth           8%         3d8*      54%         5
 Metabolic Englaciation   Hex/Ice        8%         N/A       54%         5
 Yara's Violent Unravell  Hex/Tmut       8%         3d5       54%         5
 Monstrous Menagerie      Summ           34%        N/A       58%         7
 Summon Hydra             Summ           34%        N/A       58%         7
 Eringya's Noxious Bog    Tmut/Pois      8%         N/A       98%         6
 Invisibility             Hex            8%         N/A       98%         6
 Simulacrum               Ice/Necr       8%         N/A       98%         6
 Statue Form              Tmut/Erth      10%        N/A       98%         6
 Haunt                    Necr/Summ      24%        N/A       98%         7
 Dragon Form              Tmut           8%         N/A       100%        7
 Discord                  Hex            8%         N/A       100%        8
 Disjunction              Tloc           29%        N/A       100%        8
 Infestation              Necr           8%         N/A       100%        8
 Lehudib's Crystal Spear  Conj/Erth      28%        10d8      100%        8
 Death's Door             Necr           8%         N/A       100%        9

Inventory:

Hand Weapons
 a - a +8 lajatang of freezing (weapon) {battlemage}
Missiles
 z - 9 curare-tipped darts
 Q - 12 throwing nets
Armour
 B - the +4 Cigotuvi's embrace (worn) {rMiasma Drain rN+}
   (You found it on level 10 of the Dungeon)

   It gathers nearby corpses to temporarily increase the armour it provides.
   It protects you from foul pestilence.
   rN:        It protects you from negative energy.
   Drain:     It drains your maximum health when unequipped.
 D - a +2 pair of gloves (worn)
 J - the +5 pair of boots of the Thistle (worn) {rC+ rCorr Str+9 Dex-2}
   (You acquired it on level 3 of the Shoals)

   Str:       It affects your strength (+9).
   Dex:       It affects your dexterity (-2).
   rC:        It protects you from cold.
   rCorr:     It protects you from acid and corrosion.
 N - a +2 helmet of intelligence (worn)
 V - a scarf of repulsion (worn)
Magical Staves
 b - a staff of conjuration {u hav pog dummy, !a}
Jewellery
 e - the ring "Rodeiwo" (left hand) {Fly rElec rC+ rCorr}
   (You took it off a spriggan on level 4 of the Depths)

   [ring of flight]

   rC:        It protects you from cold.
   rElec:     It insulates you from electricity.
   Fly:       It grants you flight.
   rCorr:     It protects you from acid and corrosion.
 H - a ring of see invisible
 W - the ring of Laraf (right hand) {rPois rF+ Will+}
   (You took it off a deep elf archer on level 3 of the Elven Halls)

   [ring of protection from fire]

   rF:        It protects you from fire.
   rPois:     It protects you from poison.
   Will:      It increases your willpower.
 Y - an amulet of magic regeneration (around neck)
Wands
 A - a wand of acid (10)
 F - a wand of flame (35)
 I - a wand of iceblast (19)
 M - a wand of polymorph (11)
 P - a wand of paralysis (30)
 S - a wand of mindburst (21)
Scrolls
 r - 3 scrolls of teleportation
 t - 3 scrolls of fog
 v - 2 scrolls of immolation
 w - a scroll of silence {!r}
 x - 2 scrolls of vulnerability
 y - 7 scrolls of holy word
 G - 3 scrolls of magic mapping
Potions
 c - a potion of ambrosia
 f - a potion of haste
 g - 3 potions of invisibility
 h - 3 potions of resistance
 i - 4 potions of attraction
 j - 8 potions of berserk rage {!q}
 k - 11 potions of might
 l - 6 potions of brilliance
 m - 2 potions of magic
 n - 2 potions of cancellation
 p - 5 potions of lignification
 E - 5 potions of mutation
Miscellaneous
 C - a condenser vane (inert)
 L - a phial of floods
 O - a phantom mirror (inert)
 R - a lightning rod (4/4)
 T - a tin of tremorstones (2/2)
 X - a piece from Xom's chessboard (15/15)

Dungeon Overview and Level Annotations

Branches:
Dungeon (15/15)            Temple (0/1) D:5            Lair (6/6) D:10
 Shoals (4/4) Lair:2        Snake (4/4) Lair:3        Slime (5/5) Lair:5
    Orc (2/2) D:9             Elf (3/3) Orc:2        Vaults (4/5) D:14
  Crypt (0/3) Vaults:3     Depths (5/5) D:15            Zot (0/5) Depths:5

Shops:
Orc:1 !   Orc:2 ([*=   Shoals:1 [   Shoals:3 ?(:   Snake:3 *   Snake:4 [:[[
Vaults:1 [   Vaults:2 *   Vaults:3 =   Depths:1 *   Depths:2 *   Depths:3 *

Portals:
Hell: Depths:1 Depths:2 Depths:3 Depths:4 Depths:5
Abyss: Depths:4
Pandemonium: Depths:3
Ziggurat: Depths:5

Annotations:
Lair:2 exclusion: oklob plant
Slime:5 Royal Jelly
Orc:1 3 runed translucent doors, sidorion's ghost, journeyman MiFi
Elf:1 6 runed translucent doors
Elf:2 3 runed translucent doors
Elf:3 1 exclusion
Depths:1 exclusion: downstairs
Depths:2 exclusion: 2 oklob plants
Depths:3 exclusion: upstairs

Notes
Turn   | Place    | Note
-------+----------+-------------------------------------------
     0 | D:1      | ebering the Demigod Summoner began the quest for the Orb.
     0 | D:1      | Reached XP level 1. HP: 14/14 MP: 5/5
   576 | D:1      | Reached skill level 2 in Stealth
  1073 | D:2      | Reached skill level 2 in Spellcasting
  1073 | D:2      | Reached XP level 2. HP: 20/20 MP: 1/7
  1076 | D:2      | Learned a level 2 spell: Call Imp
  1153 | D:2      | Reached skill level 4 in Summonings
  2026 | D:2      | Reached XP level 3. HP: 26/26 MP: 3/8
  2370 | D:2      | Learned a level 3 spell: Call Canine Familiar
  2439 | D:2      | Reached skill level 1 in Staves
  2940 | D:3      | >>oh no
  2940 | D:3      | >>not this time you fuckers
  2952 | D:3      | Reached XP level 4. HP: 24/33 MP: 2/9
  3059 | D:3      | >>augh double key
  3149 | D:3      | Noticed a water moccasin
  3150 | D:3      | >>really
  3179 | D:3      | Killed a water moccasin
  3180 | D:3      | Reached skill level 2 in Staves
  3180 | D:3      | Reached skill level 3 in Stealth
  3180 | D:3      | Reached skill level 5 in Summonings
  3180 | D:3      | Reached XP level 5. HP: 24/38 MP: 3/10
  3180 | D:3      | >>cool play?
  4359 | D:4      | Reached skill level 1 in Armour
  4359 | D:4      | Reached XP level 6. HP: 36/45 MP: 11/11
  4359 | D:4      | >>we gon go air magic
  4359 | D:4      | >>found tha good spellz erly
  4747 | D:5      | Entered Level 5 of the Dungeon
  4854 | D:5      | Found a staircase to the Ecumenical Temple.
  5070 | D:5      | Reached skill level 2 in Armour
  5207 | D:5      | >>yes
  5440 | D:5      | Reached skill level 6 in Summonings
  5614 | D:5      | Reached XP level 7. HP: 50/50 MP: 2/13
  5975 | D:6      | Reached skill level 3 in Armour
  6001 | D:6      | Learned a level 4 spell: Summon Lightning Spire
  6163 | D:6      | Reached skill level 1 in Air Magic
  6845 | D:6      | Reached skill level 2 in Air Magic
  7216 | D:7      | Reached skill level 1 in Fighting
  7552 | D:7      | Noticed a steam dragon
  7553 | D:7      | >>steamly
  7811 | D:6      | Reached skill level 7 in Summonings
  7811 | D:6      | Reached skill level 3 in Air Magic
  7811 | D:6      | Reached XP level 8. HP: 57/59 MP: 2/14
  8484 | D:7      | Reached skill level 2 in Fighting
  8499 | D:7      | Noticed Prince Ribbit
  8500 | D:7      | >>shit
  8507 | D:7      | Reached skill level 4 in Air Magic
  8507 | D:7      | Killed Prince Ribbit
  9095 | D:7      | >>yuif
  9098 | D:7      | Found a runed translucent door.
  9099 | D:7      | Identified a +3 quarterstaff of chaos
  9099 | D:7      | Noticed Crazy Yiuf
  9127 | D:7      | Killed Crazy Yiuf
  9286 | D:8      | Noticed a hornet
  9291 | D:8      | Killed a hornet
  9292 | D:8      | Reached skill level 3 in Fighting
  9292 | D:8      | Reached skill level 5 in Air Magic
  9416 | D:8      | Reached skill level 3 in Staves
  9958 | D:8      | Reached XP level 9. HP: 67/69 MP: 5/15
  9965 | D:8      | Reached skill level 6 in Air Magic
 10084 | D:8      | >>pikel
 10087 | D:8      | Noticed Pikel
 10109 | D:7      | Killed Pikel
 10110 | D:7      | Reached skill level 8 in Summonings
 10288 | D:8      | Reached skill level 4 in Staves
 10827 | D:9      | Found a staircase to the Orcish Mines.
 10883 | D:9      | >>henlo
 10896 | D:9      | Reached skill level 2 in Dodging
 11130 | D:9      | Reached skill level 7 in Air Magic
 11772 | D:10     | Entered Level 10 of the Dungeon
 11900 | D:10     | Reached skill level 1 in Conjurations
 11924 | D:10     | Found a staircase to the Lair.
 11924 | D:10     | Noticed a two-headed ogre
 11924 | D:10     | Noticed a six-headed hydra
 12059 | D:10     | Reached skill level 2 in Conjurations
 12131 | D:9      | Reached skill level 3 in Dodging
 12641 | D:10     | >>fuck
 12856 | D:10     | Reached skill level 3 in Conjurations
 13154 | D:9      | Reached skill level 5 in Staves
 13331 | D:10     | Noticed a death knight
 13521 | D:10     | Found the +4 Cigotuvi's embrace {rMiasma Drain rN+}
 13788 | D:10     | Killed a two-headed ogre
 13789 | D:10     | Reached skill level 4 in Conjurations
 13789 | D:10     | Reached XP level 10. HP: 77/77 MP: 2/16
 13945 | D:10     | Killed a six-headed hydra
 13946 | D:10     | Reached skill level 4 in Dodging
 14069 | Lair:1   | Entered Level 1 of the Lair of Beasts
 14084 | Lair:1   | Reached skill level 5 in Conjurations
 14134 | Lair:1   | You fall into a shaft and drop 1 floor!
 14135 | Lair:2   | >>hello
 14316 | Lair:2   | >>lair 2 stash we miss u
 14388 | Lair:1   | Noticed Joseph
 14723 | Lair:1   | Reached skill level 6 in Conjurations
 15056 | Lair:1   | Killed Joseph
 15065 | Lair:2   | Found a staircase to the Shoals.
 15065 | Lair:2   | Noticed a manticore
 15261 | Lair:2   | Reached skill level 3 in Spellcasting
 15267 | Lair:2   | Learned a level 5 spell: Lightning Bolt
 15541 | Lair:2   | Noticed a torpor snail
 15550 | Lair:2   | Killed a torpor snail
 15551 | Lair:2   | Reached skill level 4 in Fighting
 15839 | Lair:2   | Noticed a catoblepas
 15992 | Lair:2   | Noticed an oklob plant
 16177 | Lair:2   | Reached skill level 7 in Conjurations
 16300 | Lair:2   | Paralysed by a spriggan for 3 turns
 16319 | Lair:2   | Killed a catoblepas
 16565 | Lair:3   | Noticed a black mamba
 16745 | Lair:3   | Noticed hofbold's ghost (journeyman OpVM)
 16758 | Lair:3   | Found a runed translucent door.
 16763 | Lair:3   | Noticed a catoblepas
 16774 | Lair:3   | Killed a catoblepas
 16834 | Lair:3   | Reached XP level 11. HP: 85/85 MP: 14/19
 16885 | Lair:3   | Reached skill level 5 in Fighting
 16885 | Lair:3   | Reached skill level 4 in Armour
 17347 | Lair:3   | Reached skill level 5 in Dodging
 17577 | Lair:3   | Found a staircase to the Snake Pit.
 17584 | Lair:3   | Noticed a lindwurm
 17996 | Lair:3   | >>oww
 18000 | Lair:3   | Killed a lindwurm
 18001 | Lair:3   | Reached skill level 6 in Fighting
 18244 | Lair:3   | Reached skill level 5 in Armour
 18517 | Lair:4   | Noticed Nessos
 18766 | Lair:4   | >>shit
 18775 | Lair:4   | Killed Nessos
 19092 | Lair:4   | Found a runed translucent gate.
 19092 | Lair:4   | Found a runed translucent gate.
 19092 | Lair:4   | Found a runed translucent gate.
 19093 | Lair:4   | Noticed a four-headed hydra
 19096 | Lair:4   | Noticed Aricsoirch's ghost (journeyman GrFi)
 19226 | Lair:4   | Noticed a boulder beetle
 19275 | Lair:4   | Reached skill level 7 in Fighting
 19813 | Lair:5   | Reached skill level 6 in Dodging
 19822 | Lair:5   | Noticed a five-headed hydra
 19827 | Lair:5   | Killed a five-headed hydra
 19836 | Lair:5   | Reached skill level 6 in Armour
 19881 | Lair:5   | Found a staircase to the Slime Pits.
 20205 | Lair:5   | Noticed a seven-headed hydra
 20216 | Lair:5   | Reached skill level 8 in Air Magic
 20234 | Lair:5   | Killed a seven-headed hydra
 20630 | Lair:5   | Noticed a four-headed hydra
 21111 | Lair:5   | Reached skill level 9 in Air Magic
 21138 | Lair:5   | Noticed a dire elephant
 21160 | Lair:5   | Killed a dire elephant
 21161 | Lair:5   | Reached XP level 12. HP: 100/100 MP: 2/20
 21217 | Lair:5   | Killed a four-headed hydra
 21582 | Lair:6   | Entered Level 6 of the Lair of Beasts
 21616 | Lair:6   | Identified a scroll of acquirement
 21621 | Lair:6   | Noticed a seven-headed hydra
 21622 | Lair:6   | Noticed a dire elephant
 21997 | Lair:5   | Reached skill level 10 in Air Magic
 22104 | Lair:6   | Noticed a boulder beetle
 22125 | Lair:6   | Killed a boulder beetle
 22153 | Lair:6   | Killed a dire elephant
 22154 | Lair:6   | Reached skill level 8 in Conjurations
 22250 | Lair:6   | >>rip 2 ice cv
 22348 | Lair:6   | Reached skill level 4 in Spellcasting
 22442 | Lair:6   | Reached skill level 9 in Conjurations
 22995 | Lair:6   | Killed a seven-headed hydra
 23091 | Lair:6   | Found a runed translucent door.
 23092 | Lair:6   | Noticed a fire dragon
 23304 | Lair:6   | Reached skill level 10 in Conjurations
 23767 | Lair:6   | Reached skill level 5 in Spellcasting
 24147 | Lair:6   | Reached XP level 13. HP: 67/105 MP: 3/24
 24347 | Lair:6   | >>hm
 24398 | Lair:6   | Learned a level 5 spell: Summon Forest
 25282 | Orc:1    | Entered Level 1 of the Orcish Mines
 25467 | Orc:1    | Noticed an orc warlord
 25475 | Orc:1    | Killed an orc warlord
 25476 | Orc:1    | Reached skill level 8 in Fighting
 25648 | Orc:1    | Noticed an orc warlord
 25661 | Orc:1    | Killed an orc warlord
 25664 | Orc:1    | Reached skill level 11 in Air Magic
 25734 | Orc:1    | Reached skill level 11 in Conjurations
 25778 | Orc:1    | Reached skill level 1 in Translocations
 25835 | Orc:1    | Reached skill level 2 in Translocations
 26076 | Orc:1    | Identified the +6 dagger of the Scavenger {spect, rElec
                  | Dex+4}
 26237 | Orc:2    | Entered Level 2 of the Orcish Mines
 26237 | Orc:2    | Found Hiataf's General Store.
 26237 | Orc:2    | Noticed an orc warlord
 26238 | Orc:2    | >>hmmmm
 26243 | Orc:2    | >>ok this is playing with fire
 26322 | Orc:1    | Learned a level 2 spell: Passwall
 26398 | Orc:1    | >>hm
 26607 | D:11     | Reached skill level 3 in Translocations
 26902 | D:11     | Noticed Grum
 26906 | D:11     | Reached skill level 4 in Translocations
 26909 | D:11     | Killed Grum
 27460 | D:12     | Reached skill level 5 in Translocations
 28044 | D:13     | Reached skill level 6 in Translocations
 28542 | D:13     | Reached skill level 6 in Spellcasting
 28640 | D:13     | Identified the +4 mace "Omocep" {flame, Will+ Int+4}
 28744 | D:13     | Paralysed by something for 3 turns
 28829 | D:13     | >>dank
 28829 | D:13     | >>found lajatang
 28830 | D:13     | Acquired 687 gold pieces
 29432 | Orc:1    | Killed an orc warlord
 29433 | Orc:1    | Reached skill level 6 in Staves
 29433 | Orc:1    | Reached XP level 14. HP: 64/115 MP: 4/27
 29822 | Orc:2    | >>gah
 30083 | Orc:2    | Reached skill level 7 in Staves
 30398 | Orc:1    | Found a runed translucent gate.
 30398 | Orc:1    | Found a runed translucent gate.
 30398 | Orc:1    | Found a runed translucent gate.
 30399 | Orc:1    | Found Rafirin's Distillery.
 30402 | Orc:1    | Noticed sidorion's ghost (journeyman MiFi)
 30415 | Orc:1    | Bought a potion of haste for 160 gold pieces
 30415 | Orc:1    | Bought a potion of resistance for 160 gold pieces
 30415 | Orc:1    | Bought a potion of might for 64 gold pieces
 30415 | Orc:1    | Bought a potion of berserk rage for 80 gold pieces
 30540 | Orc:2    | Reached skill level 12 in Air Magic
 30550 | Orc:2    | Reached skill level 8 in Staves
 30558 | Orc:2    | Paralysed by something for 3 turns
 30778 | Orc:2    | Bought a scroll of teleportation for 45 gold pieces
 30856 | Orc:2    | Found Kuaminni's Jewellery Shoppe.
 30865 | Orc:2    | Bought the ring of Ixtass {+Blink rPois Slay+3 Stlth-} for
                  | 587 gold pieces
 30865 | Orc:2    | Bought the ring "Kustrag" {rElec Will+ MP+9} for 514 gold
                  | pieces
 30901 | Orc:2    | Found a staircase to the Elven Halls.
 30907 | Orc:2    | Found Futsuf's Antique Weapon Shop.
 31054 | Orc:2    | Found Niecah's Antique Armour Boutique.
 31300 | Orc:2    | Acquired 1344 gold pieces
 31334 | Orc:2    | Bought translucent steam dragon scales for 1305 gold pieces
 31334 | Orc:2    | Identified the +3 steam dragon scales of Tioblauqia {Harm
                  | Str+8 Int-5 Stlth+} (You bought it in a shop on level 2 of
                  | the Orcish Mines)
 31334 | Orc:2    | >>lol harm
 31334 | Orc:2    | >>nah gonna stick w corpses ty
 31364 | Orc:2    | Bought a ring of see invisible for 195 gold pieces
 32027 | D:14     | Reached skill level 9 in Staves
 32028 | D:14     | Noticed Snorg
 32038 | D:14     | Killed Snorg
 32039 | D:14     | Reached skill level 7 in Dodging
 32200 | D:14     | Found a gate to the Vaults.
 33051 | D:15     | Entered Level 15 of the Dungeon
 33430 | D:15     | Reached skill level 8 in Dodging
 33596 | D:15     | Noticed Louise
 33608 | D:15     | Killed Louise
 33776 | D:15     | Noticed Roxanne
 34201 | D:15     | Found a staircase to the Depths.
 34933 | Snake:1  | Entered Level 1 of the Snake Pit
 34985 | Snake:1  | Reached XP level 15. HP: 106/121 MP: 13/28
 35006 | Snake:1  | Acquired a staff of conjuration
 35025 | Snake:1  | Reached skill level 9 in Dodging
 36286 | Snake:2  | >>what in the flying fuck
 36290 | Snake:1  | >>ow
 37193 | Snake:2  | Reached skill level 10 in Dodging
 37197 | Snake:2  | Reached skill level 1 in Evocations
 37202 | Snake:2  | Learned a level 4 spell: Passage of Golubria
 37440 | Snake:2  | Reached skill level 13 in Air Magic
 37759 | Snake:2  | Reached skill level 2 in Evocations
 38668 | Snake:3  | Reached skill level 3 in Evocations
 38932 | Snake:3  | >>fuck
 39390 | Snake:3  | Reached skill level 4 in Evocations
 39766 | Snake:3  | Reached skill level 14 in Air Magic
 40307 | Snake:3  | Found Jidil's Assorted Antiques.
 40325 | Snake:3  | Bought a scroll of teleportation for 78 gold pieces
 40325 | Snake:3  | Bought a potion of brilliance for 104 gold pieces
 40325 | Snake:3  | Bought a potion of curing for 78 gold pieces
 40498 | Snake:4  | Entered Level 4 of the Snake Pit
 40955 | Snake:4  | Identified the -1 kite shield of the Sky {rF+ Str+3}
 40956 | Snake:4  | >>hm
 40957 | Snake:4  | >>well ill carry it around and thhink about it for a while
                  | anyhow
 41206 | Orc:2    | Bought a ring of protection from fire for 325 gold pieces
 41725 | Snake:4  | Reached XP level 16. HP: 125/128 MP: 28/29
 41815 | Snake:4  | Found Urima's Antique Armour Boutique.
 41817 | Snake:4  | Found Badoichi's Armour Boutique.
 41817 | Snake:4  | Found Zuataott's Book Shop.
 41820 | Snake:4  | Found Derex's Antique Armour Shop.
 41899 | Snake:4  | >>ok thats the end vault hello
 41936 | Snake:4  | Reached skill level 15 in Air Magic
 43563 | Snake:4  | Got a serpentine rune of Zot
 43802 | Shoals:1 | Entered Level 1 of the Shoals
 44291 | Shoals:1 | Reached skill level 16 in Air Magic
 45132 | Shoals:1 | Found Uder's Armour Shop.
 45631 | Shoals:1 | Reached skill level 9 in Fighting
 47131 | Shoals:2 | Noticed Polyphemus
 47153 | Shoals:2 | Killed Polyphemus
 47154 | Shoals:2 | Reached skill level 10 in Fighting
 47670 | Shoals:3 | Found Wanioc's Book Boutique.
 47688 | Shoals:3 | Found a flickering gateway to a bazaar.
 47694 | Bazaar   | Entered a bazaar
 47694 | Bazaar   | Found Kefot's General Store.
 47694 | Bazaar   | Found Iseyc's Magic Scroll Shoppe.
 47694 | Bazaar   | Found Wouwn's General Store.
 47694 | Bazaar   | Found Gikkaobuo's Weapon Emporium.
 47694 | Bazaar   | Found Iliogukh's Distillery.
 47710 | Bazaar   | Bought a scroll of teleportation for 39 gold pieces
 47710 | Bazaar   | Bought a scroll of blinking for 97 gold pieces
 47710 | Bazaar   | Bought a scroll of blinking for 97 gold pieces
 47714 | Bazaar   | Bought a scroll of magic mapping for 45 gold pieces
 47716 | Bazaar   | Bought a wand of acid (6) for 180 gold pieces
 47716 | Bazaar   | Bought a scroll of fear for 31 gold pieces
 47716 | Bazaar   | Bought a scroll of enchant armour for 67 gold pieces
 47720 | Bazaar   | Bought a scroll of enchant armour for 60 gold pieces
 47722 | Bazaar   | Bought a potion of might for 64 gold pieces
 47722 | Bazaar   | Bought a potion of brilliance for 64 gold pieces
 47722 | Bazaar   | Bought a potion of heal wounds for 80 gold pieces
 47722 | Bazaar   | Bought a potion of brilliance for 64 gold pieces
 47722 | Bazaar   | Bought a potion of lignification for 48 gold pieces
 48294 | Shoals:3 | >>ow
 48976 | Shoals:3 | Found Aphaaz's Antique Weapon Shop.
 48995 | Shoals:3 | Found Zapoir's Magic Scroll Boutique.
 49003 | Shoals:3 | Bought a scroll of acquirement for 884 gold pieces
 49003 | Shoals:3 | Acquired the +5 pair of boots of the Thistle {rC+ rCorr
                  | Str+9 Dex-2}
 49232 | Shoals:3 | Bought a scroll of fog for 34 gold pieces
 49232 | Shoals:3 | Bought a scroll of teleportation for 51 gold pieces
 49232 | Shoals:3 | Bought a scroll of identify for 34 gold pieces
 49232 | Shoals:3 | Bought a scroll of teleportation for 51 gold pieces
 49232 | Shoals:3 | Bought a scroll of fear for 59 gold pieces
 49232 | Shoals:3 | Bought a scroll of holy word for 127 gold pieces
 49485 | Shoals:4 | Entered Level 4 of the Shoals
 49501 | Shoals:4 | Reached XP level 17. HP: 123/141 MP: 30/30
 49584 | Shoals:4 | >>classic huts
 49610 | Shoals:4 | >>augh so mephentic
 49636 | Shoals:4 | Reached skill level 17 in Air Magic
 49636 | Shoals:4 | >>thanks
 49658 | Shoals:4 | Reached skill level 11 in Fighting
 49940 | Shoals:4 | Got a barnacled rune of Zot
 50007 | Shoals:4 | Identified the +4 chain mail "Noichepn" {rF+ rC+ rN+ Int+4}
 50359 | Shoals:4 | Identified the +0 plate armour "Wezeweama" {Regen+ Str+4
                  | Dex+2 Stlth-}
 51371 | Vaults:1 | Entered Level 1 of the Vaults
 51374 | Vaults:1 | >>cursed vaults enry
 51429 | Vaults:1 | Learned a level 8 spell: Maxwell's Capacitive Coupling
 52006 | Elf:1    | Entered Level 1 of the Elven Halls
 52006 | Elf:1    | Noticed Kirke
 52007 | Elf:1    | >>wow
 52007 | Elf:1    | >>cursed if u do cursed if u dont
 52492 | D:14     | >>oww
 52789 | D:14     | Reached skill level 7 in Spellcasting
 54051 | Vaults:1 | Reached skill level 7 in Armour
 54076 | Vaults:1 | Found Manye's Armour Shop.
 54367 | Vaults:1 | Reached skill level 12 in Fighting
 54677 | Vaults:1 | >>dumb
 54694 | Vaults:1 | Reached skill level 11 in Dodging
 54792 | Vaults:1 | Reached XP level 18. HP: 102/155 MP: 24/33
 54857 | Vaults:1 | >>rip dryad
 55057 | Vaults:1 | Reached skill level 8 in Armour
 56327 | Vaults:2 | Reached skill level 13 in Fighting
 57302 | Vaults:2 | Reached skill level 9 in Armour
 57663 | Vaults:2 | Found Girufat's Assorted Antiques.
 57671 | Vaults:2 | Bought a scroll labelled ASUCAO OMPODAE for 31 gold pieces
 57730 | Vaults:3 | Found Lal Cuik's Jewellery Emporium.
 58290 | Vaults:3 | Reached skill level 12 in Dodging
 58667 | Vaults:3 | Reached skill level 14 in Fighting
 58994 | Vaults:3 | Noticed Mennas
 59001 | Vaults:3 | Killed Mennas
 59002 | Vaults:3 | Reached skill level 10 in Armour
 59004 | Vaults:3 | >>fuk u mennas
 59307 | Vaults:3 | Found a staircase to the Crypt.
 59373 | Vaults:3 | Noticed Bai Suzhen
 59484 | Vaults:2 | Killed Bai Suzhen
 60142 | Vaults:3 | Noticed a golden dragon
 60245 | Vaults:3 | Killed a golden dragon
 60330 | Vaults:3 | Reached XP level 19. HP: 167/167 MP: 21/34
 60335 | Vaults:3 | Reached skill level 18 in Air Magic
 62183 | Vaults:4 | Got the Tome of Necromancy
 62550 | Vaults:4 | Got Sif Muna's Handbook of the Eel
 62948 | Orc:2    | >>ok this gon be a stair dancerino
 62992 | Orc:2    | Killed Kirke
 63267 | Orc:2    | Reached skill level 15 in Fighting
 63763 | Elf:1    | Paralysed by an air elemental for 1 turns
 63774 | Elf:1    | Paralysed by an air elemental for 1 turns
 63782 | Elf:1    | Paralysed by an air elemental for 1 turns
 63787 | Elf:1    | Reached skill level 19 in Air Magic
 64158 | Elf:1    | Reached skill level 10 in Staves
 64859 | Elf:1    | Noticed Jorgrun
 64860 | Elf:1    | >>jorgo
 64873 | Elf:1    | Killed Jorgrun
 64876 | Elf:1    | Noticed Agnes
 64887 | Elf:1    | Killed Agnes
 65251 | Elf:1    | Found a runed translucent gate.
 65251 | Elf:1    | Found a runed translucent gate.
 65251 | Elf:1    | Found a runed translucent gate.
 65251 | Elf:1    | Found a runed translucent gate.
 65251 | Elf:1    | Found a runed translucent gate.
 65255 | Elf:1    | Found a runed translucent gate.
 65299 | Elf:2    | Noticed Nikola
 65300 | Elf:2    | >>CAN YOU FEEL IT CAN YOU FEEL IT
 65304 | Elf:2    | Killed Nikola
 65305 | Elf:2    | >>nice
 66313 | Elf:2    | Reached skill level 8 in Spellcasting
 66359 | Elf:2    | Found a runed translucent gate.
 66360 | Elf:2    | Found a runed translucent gate.
 66360 | Elf:2    | Found a runed translucent gate.
 66554 | Elf:2    | Learned a level 6 spell: Conjure Ball Lightning
 66692 | Elf:3    | Entered Level 3 of the Elven Halls
 66722 | Elf:3    | Reached XP level 20. HP: 178/178 MP: 19/37
 66886 | Elf:3    | Reached skill level 11 in Staves
 67387 | Elf:3    | Reached skill level 13 in Dodging
 67983 | Elf:3    | Identified the +6 great mace of Paper {protect, Will- Str+3
                  | Int+4 SInv}
 67983 | Elf:3    | Identified the ring of Laraf {rPois rF+ Will+}
 68094 | Elf:3    | Identified the +1 quarterstaff "Xafo" {vamp, rElec rN+
                  | MP+9}
 68646 | Elf:3    | Reached skill level 12 in Staves
 68702 | Elf:3    | Identified the +2 ring mail of Gozag's Generosity {Will+
                  | Slay+2}
 68717 | Elf:3    | Identified the +1 leather armour of Repulsion {rPois Will+
                  | Regen+ Str-3}
 68774 | Elf:3    | >>oh fuck
 68774 | Elf:3    | >>ow
 69149 | Elf:3    | >>ow
 69456 | Elf:3    | Identified the +6 shortbow of the Middle {flame, rN+}
 69597 | Elf:3    | Reached skill level 14 in Dodging
 69710 | Elf:3    | Found the +6 lightning scales {swift, rElec}
 69733 | Elf:3    | Got the Disquisition on the Noxious Traveller
 69736 | Elf:3    | Identified the +8 giant club "Ultimatum" {speed, rPois
                  | Dex+2}
 70074 | Snake:4  | Bought an embroidered scarf for 328 gold pieces
 70421 | D:15     | Killed Roxanne
 70482 | Depths:1 | Entered Level 1 of the Depths
 71717 | Depths:1 | Reached skill level 13 in Staves
 71785 | Depths:1 | Found a gateway to Hell.
 71798 | Depths:1 | Reached skill level 15 in Dodging
 71982 | Depths:1 | Found Dopli's General Store.
 71998 | Depths:1 | Bought a scroll of fog for 30 gold pieces
 71998 | Depths:1 | Bought a wand of paralysis (7) for 135 gold pieces
 72065 | Depths:1 | Identified the +5 lajatang of the Feather {flame, Stlth+}
 72648 | Depths:1 | >>dang pain lajatang
 72649 | Depths:1 | >>could have been a necromancer
 73270 | Depths:1 | Learned a level 2 spell: Blink
 73337 | Depths:2 | >>oh no
 73519 | Depths:2 | Reached skill level 16 in Dodging
 73519 | Depths:2 | Reached XP level 21. HP: 167/184 MP: 22/38
 73684 | Depths:2 | Found Gunoew's General Store.
 73687 | Depths:2 | Bought a scroll of blinking for 127 gold pieces
 73687 | Depths:2 | Bought a wand of paralysis (6) for 136 gold pieces
 74099 | Depths:3 | Found Gass's Assorted Antiques.
 74117 | Depths:3 | Noticed Aizul
 74141 | Depths:3 | >>what
 74142 | Depths:3 | Killed Aizul
 74396 | Depths:2 | Reached skill level 5 in Evocations
 74419 | Depths:3 | Bought a scroll of enchant weapon for 397 gold pieces
 74439 | Depths:3 | Identified the +4 chain mail "Xoasog" {Str+4 Int+4 Dex-4}
 74877 | Depths:3 | Reached skill level 6 in Evocations
 75013 | Depths:3 | Noticed a royal mummy
 75018 | Depths:3 | >>oh what
 75036 | Depths:3 | Killed a royal mummy
 75037 | Depths:3 | Reached skill level 17 in Dodging
 75037 | Depths:3 | >>cool play
 75661 | Depths:3 | Found a one-way gate leading to the halls of Pandemonium.
 76095 | Depths:2 | Found a huge runed gate.
 76095 | Depths:2 | Found a huge runed gate.
 76095 | Depths:2 | Found a huge runed gate.
 76095 | Depths:2 | Found a huge runed gate.
 76095 | Depths:2 | Found a huge runed gate.
 76095 | Depths:2 | Found a huge runed gate.
 76095 | Depths:2 | Found a huge runed gate.
 76095 | Depths:2 | Found a huge runed gate.
 76095 | Depths:2 | Found a huge runed gate.
 76095 | Depths:2 | Found a huge runed gate.
 76095 | Depths:2 | Found a huge runed gate.
 76095 | Depths:2 | Found a huge runed gate.
 76095 | Depths:2 | Found a huge runed gate.
 76095 | Depths:2 | Found a huge runed gate.
 76095 | Depths:2 | Found a huge runed gate.
 76095 | Depths:2 | Found a huge runed gate.
 76095 | Depths:2 | Found a huge runed gate.
 76095 | Depths:2 | Found a huge runed gate.
 76095 | Depths:2 | Found a huge runed gate.
 76095 | Depths:2 | Found a huge runed gate.
 76097 | Depths:2 | Noticed a juggernaut
 76097 | Depths:2 | Identified the +10 spear of Ubbinenu {chaos, Fly rN+}
 76102 | Depths:1 | >>fukkin dumb
 76270 | Depths:1 | >>oh arga tho
 76339 | Depths:3 | Reached skill level 7 in Evocations
 76416 | Depths:4 | Noticed Boris
 76417 | Depths:4 | >>no bad stair
 77571 | Depths:4 | Reached skill level 8 in Evocations
 77720 | Depths:4 | Noticed a golden dragon
 77725 | Depths:4 | Reached skill level 18 in Dodging
 77727 | Depths:4 | >>bad
 77741 | Depths:4 | Killed a golden dragon
 78098 | Depths:4 | Noticed a juggernaut
 78258 | Depths:4 | Killed a juggernaut
 78377 | Depths:4 | Noticed a caustic shrike
 78379 | Depths:4 | Noticed a golden dragon
 78379 | Depths:4 | a caustic shrike changed into a golden dragon
 78381 | Depths:4 | Killed a golden dragon
 78420 | Depths:4 | Reached skill level 16 in Fighting
 78460 | Depths:4 | Noticed a golden dragon
 78464 | Depths:4 | Killed a golden dragon
 78635 | Depths:4 | Reached XP level 22. HP: 180/196 MP: 39/39
 78889 | Depths:4 | >>ok bub
 78892 | Depths:4 | Killed Boris
 78893 | Depths:4 | >>gottem
 79068 | Depths:4 | Reached skill level 17 in Fighting
 79133 | Depths:4 | Noticed a juggernaut
 79137 | Depths:4 | Killed a juggernaut
 79491 | Depths:4 | Identified the +2 scale mail of Lugonu's Displeasure {rN+}
 79571 | Depths:4 | Identified the ring "Rodeiwo" {Fly rElec rC+ rCorr}
 79969 | Depths:4 | Noticed an ancient lich
 79973 | Depths:4 | Killed an ancient lich
 79978 | Depths:4 | Reached skill level 18 in Fighting
 79990 | Depths:4 | Identified the +6 plate armour "Poniocoby" {rN+ Regen+
                  | Int-5 Slay+3}
 79993 | Depths:4 | Got Odghuemega's Disquisition on Creation and
                  | Transformation
 80297 | Depths:4 | Found a one-way gate to the infinite horrors of the Abyss.
 80437 | Depths:5 | Entered Level 5 of the Depths
 80578 | Depths:5 | >>I see
 80727 | Depths:5 | Noticed a juggernaut
 81081 | Depths:5 | Found a gateway to a ziggurat.
 81110 | Depths:5 | Noticed the Enchantress
 82497 | Depths:5 | Killed the Enchantress
 82498 | Depths:5 | Reached skill level 11 in Armour
 82519 | Depths:5 | Killed a juggernaut
 82648 | Depths:5 | Found a gate to the Realm of Zot.
 83261 | Lair:4   | Killed Aricsoirch's ghost
 83275 | Lair:4   | Identified the +1 hat "Tetiugai" {rPois Will+ SInv}
 83394 | Lair:3   | Killed hofbold's ghost
 83476 | Slime:1  | Entered Level 1 of the Pits of Slime
 83503 | Slime:1  | Gained mutation: You sometimes lose the ability to read
                  | scrolls when taking damage. [a shining eye]
 83505 | Slime:1  | Lost mutation: You sometimes lose the ability to read
                  | scrolls when taking damage. [potion of mutation]
 83505 | Slime:1  | Gained mutation: You are dopey. (Int -2) [potion of
                  | mutation]
 83505 | Slime:1  | Gained mutation: You passively map a small area around you.
                  | [potion of mutation]
 83505 | Slime:1  | Gained mutation: Your muscles are strong. (Str +2) [potion
                  | of mutation]
 83590 | Slime:2  | Reached XP level 23. HP: 211/211 MP: 33/40
 84291 | Slime:5  | Entered Level 5 of the Pits of Slime
 84306 | Slime:5  | >>fuck
 84307 | Slime:5  | >>really
 84369 | Slime:5  | Noticed the Royal Jelly
 84409 | Slime:4  | >>oh that's some kind of vault
 84437 | Slime:4  | Reached skill level 9 in Evocations
 84760 | Slime:4  | >>ugh
 84951 | Slime:4  | >>ok this bubble is safe at least
 84955 | Slime:5  | >>fuck
 84962 | Slime:5  | >>fuck
 84962 | Slime:5  | Gained mutation: You are very dopey. (Int -4) [a shining
                  | eye]
 84962 | Slime:5  | HP: 19/211 [acid blob (31)]
 84964 | Slime:5  | HP: 7/211 [acid (5)]
 84971 | Slime:5  | Gained mutation: You are clumsy. (Dex -2) [a shining eye]
 84971 | Slime:5  | HP: 10/211 [slime creature (15)]
 84975 | Slime:5  | HP: 4/211 [acid (7)]
 84976 | Slime:5  | >>rip
 84977 | Slime:5  | HP: 1/211 [acid (4)]
 84979 | Slime:5  | Splashed with acid

Illustrated notes ···················▒▒ ▒··················· ▒······▒▒·········▒▒ ▒o▒ ▒·········▒ ▒·▒ ▒‰▒▒▒▒▒▒▒·▒ ▒·▒ ▒·▒ ▒·▒ ▒·▒ ▒·▒ ▒·▒ ▒·▒ ▒·▒ ▒·▒ ▒@▒ ▒·▒ ▒·▒ ▒·▒ ▒·▒ ·▒ ▒·▒▒▒▒▒·▒ ▒·······▒ ▒▒▒▒▒▒▒▒▒ Turn 2940 on D:3: oh no ▒·▒▒▒▒▒▒▒▒▒···▒▒▒▒▒···▒ ··▒ o·▒·················▒ ▒·▒▒ ···················▒▒▒··▒ ▒········o············>▒▒▒ ▒······▒▒o········▒▒▒··▒·· ▒·▒ ▒·········▒ ▒··▒·· ▒·▒ ▒‰▒▒▒▒▒▒▒·▒ ▒··▒▒▒ ▒·▒ ▒·▒ ▒·▒ ▒····· ▒·▒ ▒@▒ ▒·▒ ▒·▒▒▒▒ ▒·▒ ▒·▒ ▒·▒ ▒·▒··· ▒·▒ ▒·▒ ▒·▒ ▒·▒··· ▒·▒ ▒·▒ ·▒ ▒·▒▒▒▒ ▒)▒▒▒▒▒·▒ ▒····· ▒·······▒ ▒▒▒▒▒▒ ▒▒▒▒▒▒▒▒▒ Turn 3059 on D:3: augh double key ▒···▒▒ ▒··S·· ····▒▒▒ ▒·····▒ ·····▒ ····▒ ▒▒▒·▒···▒·· ▒··@▒·▒·▒·· ▒·▒▒▒·▒·▒·▒ ▒·▒▒▒·▒·▒·▒ ▒·▒·····▒·▒▒▒▒ ▒r▒··········▒ ▒h▒··········▒ ▒▒h▒··········▒ ▒·············▒ ▒···▒▒·▒▒·····▒▒▒ Turn 3150 on D:3: really ▒·▒▒▒·▒·▒·▒ ▒∘▒▒▒·▒·▒·▒ ▒❋▒····(▒·▒▒▒▒ ▒·▒·····(····▒ ▒·▒··········▒ ▒▒·▒··········▒ ▒·············▒ ▒··r▒▒·▒▒·····▒▒▒ ▒·@·▒▒·▒▒·······▒ ▒···▒▒·▒▒▒·▒▒···▒ ▒···▒▒··········▒ ▒▒▒▒▒▒··········▒ ·············▒ ····S·····▒▒▒▒ ·············▒ ·········)S··▒ ·(·····▒▒▒···▒ Turn 3180 on D:3: cool play? ········· ·······▒ ·?····▒ ·····▒ ·· ····▒▒▒▒ ▒ ····▒▒▒▒▒▒········· ·······<·▒▒)·▒··▒▒▒ ··▒·····➎‰@➎······· ▒▒▒▒▒▒··········· ▒··········· ··········$·· ▒▒▒·········▒▒ ▒·········▒ ▒·········▒ ·(········▒ Turn 4359 on D:4: we gon go air magic ·▒▒▒▒▒▒·▒▒▒▒▒▒▒▒▒▒··▒ ▒ ▒·▒ ▒··▒ ▒ ▒▒▒▒▒▒▒·▒▒▒▒▒▒▒ ▒··▒ ▒ ▒·····(·······▒ ▒(·▒ ▒ ··▒▒▒▒▒·▒▒▒▒▒·▒ ▒··▒ ▒ ▒·▒▒ ▒·▒ ▒··▒ ▒·▒·▒▒▒▒·▒▒▒▒··▒ ··▒▒▒···➎·$·····▒ ▒▒▒ ▒··▒ ▒·▒▒▒▒@▒▒▒▒·▒· ··· ▒·· ▒·▒ ▒·▒ ▒▒▒ ▒· ▒· ▒·▒ ▒ ▒ ▒·▒ ▒·▒ ▒·▒ ▒·▒ ▒·▒ Turn 5207 on D:5: yes ▒ · ··▒▒▒··· ·▒▒· ▒·▒▒···· ···▒▒·▒▒···· ▒▒▒ ▒▒▒ ▒·········· ·· ··· ▒·▒·▒····· ▒· ▒D▒· ▒··▒····· ▒[▒▒·▒·▒ ▒▒······▒ ▒ ▒··▒·▒··▒ ▒▒·▒▒·▒·▒▒ ▒·▒▒·▒@▒ ▒·▒▒▒·▒▒▒·▒··· ▒······▒ ▒▒·▒·▒▒▒▒···▒▒ ▒▒▒▒·▒▒▒ ▒·······▒▒·)▒▒ ▒▒·▒▒ ▒·······▒▒·[·▒ ▒▒·▒·▒▒ ▒·······▒▒··▒▒ ▒·▒▒▒·▒▒▒·······▒▒··▒▒ ▒▒·▒·▒·········<▒····· ▒▒▒···▒▒▒·······▒··▒▒· ▒··»·▒▒ ▒▒·····<▒··▒·· Turn 7553 on D:7: steamly ···▒ ▒···▒ ▒···▒▒▒▒▒▒▒▒▒▒ ▒·········➎··▒ · ▒ ▒▒▒▒▒▒···▒▒·▒·▒▒▒·▒ ▒➎·▒Y▒❋············▒▒▒➎▒ F····>·➎h···········▒▒·· ▒·♣[➎··········▒▒·▒ ▒▒▒▒·▒···▒········· ▒❋▒·········▒··· ▒·▒···▒·▒▒▒·▒··· ▒·▒···▒·▒ ▒····· ▒·▒···▒·▒ ▒····· ▒·)·····▒▒▒····· ▒▒▒D▒▒·▒▒·▒▒······ ▒······▒▒·▒▒······ Turn 8500 on D:7: shit ▒▒▒▒·· ▒▒▒▒▒ ▒····· ▒···▒ ▒▒·▒▒▒▒ ♣ ▒·▒·▒▒▒···)·▒ ♣♣· ▒·····>··▒▒·▒ ♣♣·♣♣ ▒▒▒·▒▒▒▒····· ♣♣❦❦·♣ ▒▒▒·▒ ▒▒▒▒·· ♣❦♣❦·♣ ▒···▒ ▒▒· ▒▒·@▒▒ ▒▒▒▒▒ ▒▒▒▒▒· ▒▒▒··h·▒ ▒····· ▒▒h▒···▒▒▒▒▒▒▒▒▒▒▒····· ▒·▒▒▒·▒·▒▒····>▒······· ▒▒·▒▒··▒▒▒·····▒·▒··▒·· ▒▒h▒··▒ ▒·······▒·▒··· ▒▒·▒·▒ ▒·····▒▒·▒▒▒·· ▒▒▒▒▒·▒ ▒·····▒·▒▒ ▒·▒ ▒·····▒ ▒▒▒▒▒▒▒▒·▒▒▒·· Turn 9095 on D:7: yuif ·····▒ ▒·········· ▒▒▒▒▒▒ ▒········· ▒·····▒▒▒▒▒▒ ▒·····▒▒···▒▒▒ ▒·····▒▒·····▒ ▒············▒ ▒▒▒▒▒▒▒············▒ ➎·▒··················▒ ··⸬····@··<··········▒ ➎·▒··················▒ ▒▒▒▒▒▒▒▒▒▒▒▒▒▒▒▒▒▒▒▒ Turn 10084 on D:8: pikel ▒ ▒·▒ ·· ▒·▒ ▒▒▒·▒▒▒▒·▒ ▒ ·········▒ ·· ▒▒▒·<····▒▒▒▒▒·▒▒▒ ▒·······)······· ▒·▒▒▒▒·····▒·▒▒▒ ▒·▒▒▒▒▒··▒·▒·▒▒▒ ·······@·······▒ ·≈≈≈≈≈·≈≈≈≈≈≈≈·▒ ·≈·····≈)····≈)· ·≈·≈≈≈≈≈·≈≈≈·≈·▒ ·≈·≈···≈·≈♟≈·≈·· ·≈·≈·≈·≈·≈·≈·≈·· ·≈·≈⚜≈·≈···≈·≈·· ·D·≈≈≈·≈≈≈≈≈·≈·▒ Turn 10883 on D:9: henlo ▒·····▒··▒ ▒·····▒ᛝ·▒ ▒·····▒··▒ ▒▒···▒▒··▒ ▒·····▒··▒▒▒▒▒▒▒▒▒ ▒·····▒··········· ▒·····▒···▒▒▒▒▒▒▒▒ ▒▒···▒▒D··▒ ▒▒·▒▒▒@··▒ ▒▒·▒ ▒···▒▒▒▒▒ ≣▒▒▒▒‰·▒▒▒········· ≣(·<··············· ≣···(····S········· ≣·····▒▒▒▒▒▒▒▒▒▒▒▒▒ ≣·····▒ ≣≣≣≣≣≣≣·····▒▒▒ ················ Turn 12641 on D:10: fuck ▒ ▒·▒▒▒▒ ▒▒····· ·······▒▒ ▒·······▒ ·······@▒ ·········▒ ········▒▒ ▒······▒· ▒······ · ▒······ ·· ····(▒▒ ▒▒ ▒···▒ Turn 14135 on Lair:2: hello ▒▒·····▒▒·▒▒▒ ▒·······h▒▒ ▒▒··▒···▒▒▒ ▒········▒▒▒ ▒▒▒▒▒······▒▒ ▒▒▒·······❦▒▒▒▒ ▒▒··▒▒❦▒·······▒ ▒ ▒▒▒❦·▒▒▒▒▒❦❦▒····▒·▒▒ ▒····▒ ▒▒▒▒▒▒h@···▒ ····▒▒ ▒▒▒▒····▒ ·····▒ ▒···· ·····▒ ▒·· ····▒▒ ▒ ····▒ ····▒ ···▒▒ ····▒▒ Turn 14316 on Lair:2: lair 2 stash we miss u ▒····(··· ········· ▒········ ▒········ ▒ ▒········ ▒▒ ▒ ▒▒······ ▒(▒▒ ▒···k▒ ·· ▒·· ▒@▒ ▒·· ▒▒·· ▒▒·▒ ▒·· ▒··· ▒▒··▒ ▒▒··▒▒▒▒▒▒·· ▒·▒·▒▒▒▒▒·····▒·▒··· ▒▒··▒▒❦▒▒··········· ▒▒················· ▒·················· ▒▒················· ▒▒················· Turn 17996 on Lair:3: oww ▒ ▒▒▒ ▒▒▒ ▒▒·▒▒▒▒▒▒▒▒▒▒·▒▒▒ ▒▒▒·▒ ·····▒❦·········▒▒▒ ▒···· ····▒····<········▒▒▒▒···· ···············>···▒······ ·······!·@·······▒··▒▒···· ···▒>❦·ᛝ····<··▒▒▒··▒···· ······▒·········▒▒··▒····· ····▒····≈·≈·····▒▒······· ···c··▒···c·····▒▒▒·❦····· ····⸬·▒··▒❋≈··▒▒▒▒·▒▒▒·▒❦· ····▒ ▒▒▒▒▒▒·▒▒ ▒▒ ▒··)· ▒▒·· ▒··▒ ▒···▒ ▒▒ ▒▒ ▒·▒▒· Turn 18766 on Lair:4: shit ·················▒········ ················▒Y········ ·······················❦· ▒▒▒················▒···❦····· ▒▒▒··········· ▒············▒ ▒··<·······▒ ▒▒▒(·········▒ ▒·▒·······▒▒▒▒▒▒▒▒··········❦▒ ▒▒▒···❦····▒▒❦▒▒············▒ ▒▒·····❦······@·······❦···▒ ▒··[······▒··············▒ ▒▒▒····▒▒▒▒▒············▒· ▒······▒ ▒···········▒····· ▒·····▒▒ ▒·❦·····▒▒·▒▒▒···· ▒▒▒····▒▒▒▒▒··▒▒·❦▒▒▒ ▒ ▒▒····▒··❦·▒▒▒▒▒▒ ▒▒···········▒·▒ ▒▒▒········▒·▒▒▒▒ Turn 22250 on Lair:6: rip 2 ice cv ·❦▒▒ ·▒▒ ▒▒▒ ·▒▒▒▒ ▒▒▒·▒▒▒▒ ▒···▒▒▒▒▒▒▒▒▒▒❦▒··▒·▒ · ·····▒·▒·▒·▒▒·▒····▒ ··· ···········▒·▒····▒▒▒···▒ ····▒········▒········▒ ▒▒▒▒·▒···▒··ᛝ·▒····▒▒··▒ ▒▒▒▒▒▒▒▒▒··▒▒▒▒@·▒▒ ▒ ▒▒·▒▒·▒·▒▒··▒ ▒▒···)▒ ▒····▒·▒····▒ ······▒ ···········▒▒ ▒▒····}▒ ··········▒▒ ·····▒ ▒·▒···▒·▒▒▒ ····▒▒ ▒▒▒▒·▒▒▒▒ $···▒ ▒▒▒ ▒h▒· Turn 24347 on Lair:6: hm ·············· ·············▒ ▒············▒ ▒···········▒▒· ··············· ············▒·· ··············· ·······@······▒ ·············▒▒ ·❦❦···········▒ ·❦·········▒··· ❦··········▒ ·$ ············ · ·o·······▒·▒· o∩o❦·······▒▒· Turn 26238 on Orc:2: hmmmm ·············· ·············♣ ▒············▒ ♣···········▒▒· ··············· ············▒·· ··♣···®ᛝ··♣···· ··w····@······▒ o············▒▒ ·❦❦···········▒ ·❦oTo······▒··· ❦··········▒ ·$ ·≈o)o······· ♣ ·≈≈≈·o·♣·▒·▒· ·∩o❦·······▒▒· Turn 26243 on Orc:2: ok this is playing with fire ▒▒▒ ▒▒·▒▒ ▒···▒▒ ▓▓▓▓▓▓ ▒▒···▒▒ ▓····· ▒▒···▒ ▓····· ▒@··▒ ▓····· ▒▒··▒▒ ▓···▓▓ ▒···▒▒▒▒▒▒ ▓··▓▓· ▒·····▒▒·▒▒▓·▓▓·· ▒▒▒ ▒▒·········▓▓▓··· ▒▒·▒▒▒ ▒······▒···▓····· ▒····▒▒ ▒▒·········▓····· ▒▒····▒ ▒·········▓····· ▒····▒ ▒········▒▓····· Turn 26398 on Orc:1: hm ▒·▒ ▒·▒ ▒▒▒▒▒▒▒▒▒▒▒▒▒▒(▒ ···············▒ ···············▒ ···············▒▒▒▒ ▒▒▒▒▒▒▒▒▒▒▒▒▒▒····▒▒ ▒·h❋❋❋▒ ≣❋❋@❋❋≣ ≣≣❋❋❋≣≣ ▒ ≣❋❋❋≣ · ≣❋❋❋≣ ▒ ≣❋❋❋≣ ≣❋❋❋≣ ≣❋❋❋≣ ≣❋❋❋≣ Turn 28829 on D:13: dank ·············· ·············▒ ▒············▒ ▒o··········▒▒· ·o············· ·Oo·········▒·· o·······T······ ·oo····@······▒ O·····hoo····▒▒ ·❦❦···o·······▒ ·❦·········▒··· ❦o·········▒ ·$ ···[········ · ·········▒·▒· ·∩·········▒▒· Turn 29822 on Orc:2: gah ≣≣≣≣≣····················▒····· ▒·······▒···············▒···)·· ▒▒·······················▒)··▒· ▒▒··▒···················▒···▒) ▒·····················▒······ ▒▒·······❦···················· ▒▒·▒·▒▒▒······················· ▒·····▒▒▒·❦········❦··········· ▒▒···▒▒ ▒·····@················ ▒▒····▒▒▒▒···············▒·····❦ ▒······▒▒······⁑··❦············❦ ▒···▒···············▒·········❦· ▒▒·▒▒▒···········❦··▒▒·········· ▒▒▒▒·▒·······❦···▒▒▒▒▒▒········ ▒···········▒·▒▒ ▒▒········∩ ▒▒··▒·······▒···▒ ▒▒·▒········ ▒···▒▒▒·▒·······▒▒▒··········⁑ Turn 31334 on Orc:2: lol harm ▒·····▒▒ ·······▒ ▒·S····▒ ▒······▒ ▒·N····▒ ▒······▒ ▒·N·S··▒▒· ▒·@····S·· ▒·N··N·▒▒· ▒·N·N·▒▒ ▒·S·S▒▒ ▒···▒▒ ◼··▒▒ ▒▒·▒ ··· Turn 36286 on Snake:2: what in the flying fuck ▒············▒▒▒▒▒▒▒▒········▒▒ ·▒··········▒▒▒▒··▒▒▒···▒▒··▒▒ ▒▒▒▒·······▒▒▒·······▒·▒▒▒▒▒·▒ ▒▒▒▒·▒···▒·▒▒··········▒▒▒ ▒·▒ ···▒▒·▒▒▒▒·▒·············▒ ▒▒▒ ······▒▒▒···············▒▒ ·········▒·)············▒ ········▒▒▒············▒▒ ········▒▒▒···>·@······▒ ▒▒▒▒ ·········▒▒···NN······▒▒▒▒··▒ ·········▒▒▒·········▒·▒▒···▒▒ ·······▒▒▒ ▒▒·······▒▒·▒·····▒ ▒▒·▒▒·)·▒▒▒ ▒▒·····▒▒▒·······▒▒ ▒·▒▒·····▒▒▒▒·▒▒▒▒▒▒▒········▒ ▒)▒▒▒·····>····▒ ▒▒·········▒ ▒·▒ ▒··▒▒····▒▒▒ ▒··········▒▒ ▒▒·▒▒▒▒········▒ ▒···········▒ Turn 36290 on Snake:1: ow ··▒·▒▒▒▒▒▒▒▒▒·▒·▒····· ▒·▒·▒·······▒·▒·▒····· ▒·▒)▒·······▒·▒·▒····· ···▒▒▒·▒[▒·······▒·▒······· ··················▒·▒······· ··▒▒▒▒▒▒▒▒▒N······▒·▒·····▒▒ ·········)·············▒ ▒▒▒▒▒▒▒··N····▒·▒▒▒▒▒▒·▒ ▒@SN····▒·▒ ▒·▒ ▒·▒·▒▒▒▒▒·▒·▒ ▒·▒ ▒········<▒·▒ ▒·· ▒·▒·▒▒▒▒▒·▒·▒ ▒·· ▒·▒·▒ ▒·▒·▒ ▒·· ▒ ▒·▒ ▒(▒·▒ ▒·· ▒·▒ ▒·▒·▒ ▒·· ··▒ ▒·▒ ··· ▒·▒ Turn 38932 on Snake:3: fuck ▒▒▒ ▒▒▒▒▒▒▒▒▒▒▒·▒ ▒···········▒ ▒@▒▒▒▒▒▒▒▒▒·▒ ▒·▒ ▒·▒ ▒·▒ ▒·▒ ▒·▒ ▒·▒ ▒·▒ ▒·▒ ▒▒▒ ▒·▒ ▒▒▒▒▒▒▒·▒▒▒▒·· ··· ···········◼·· ▒·▒ ▒▒▒▒▒▒▒·▒▒▒▒·· ···········▒·· Turn 40956 on Snake:4: hm ▒▒▒ ▒▒▒▒▒▒▒▒▒▒▒·▒ ▒···········▒ ▒@▒▒▒▒▒▒▒▒▒·▒ ▒·▒ ▒·▒ ▒·▒ ▒·▒ ▒·▒ ▒·▒ ▒·▒ ▒·▒ ▒▒▒ ▒·▒ ▒▒▒▒▒▒▒·▒▒▒▒·· ··· ···········◼·· ▒·▒ ▒▒▒▒▒▒▒·▒▒▒▒·· ···········▒·· Turn 40957 on Snake:4: well ill carry it around and thhink about it for a while anyhow ··▒·▒▒▒▒▒▒▒▒····▒▒▒····∩····▒▒▒ ··▒(▒···········[▒▒▒··ᛝ····▒▒▒ ··▒·▒············▒▒▒▒·····▒▒▒ ▒)▒·▒▒▒▒▒▒▒▒▒····▒ ▒▒▒)··▒▒▒ ▒·▒·▒ ▒····▒ ▒▒▒▒·▒▒▒ ▒·[·▒ ▒····▒ ▒·▒▒·▒ ▒▒[·▒ ▒····▒ ▒····▒ ▒)·▒ ▒····▒▒▒·▒▒▒▒ ▒▒·▒ ▒···@·▒▒·▒▒▒▒▒▒▒· ▒·▒ ▒▒▒▒▒·▒▒N········ ▒·▒ ··≣≣···≣≣≣▒▒ ▒·▒ ············≣ ▒·▒ ············▒ ▒▒▒·▒ ············▒ ····▒ ·▒·····▒N···▒ ·[··▒ ··N·········▒ ····▒ ······· ···▒▒ Turn 41899 on Snake:4: ok thats the end vault hello

≈≈≈≈≈≈≈≈≈≈≈◦≈≈≈≈≈≈≈≈≈≈≈·▒▒▒·····≈
▒≈≈≈≈≈≈≈≈≈≈≈≈≈≈≈≈≈≈≈≈≈≈··········
▒▒≈···≈≈≈≈≈≈≈≈≈≈≈≈≈≈≈≈·>·····<··t
·▒t····≈·····≈≈··◦≈≈≈≈··)······≈k
▒▒·≈≈·····▒░····◦◦◦≈≈≈≈≈≈≈≈≈·t··≈
▒>·≈·····▒░░▒··▒░░◦◦≈≈≈≈≈≈≈≈≈···≈
·····)·▒░░ ▒··≣ ░◦·≈≈≈≈≈≈≈≈≈≈≈≈≈
·····▒░░ ▒·m▒≣▒····≈≈≈≈≈≈≈≈≈≈≈
m)···≣ ≣≣≣▒▒·m·@······≈≈≈≈≈≈····
·▒▒·(▒≣≣▒··········▒▒··≈≈≈≈≈≈····
·▒≣▒≈····t·≈≈≈≈≈≈≈··▒◦≈≈≈≈≈≈≈◦░░◦
▒≣≣▒(··)·≈≈≈≈≈≈≈≈≈≈···≈≈≈≈≈≈◦◦░░░
·(········≈≈≈≈≈≈≈≈≈≈≈≈≈≈≈≈≈≈◦◦░░◦
(·········≈···≈≈≈≈≈≈≈≈≈≈≈≈≈≈≈◦◦◦◦
······▒▒▒·····≈≈≈≈≈≈≈≈≈≈≈≈≈≈≈≈◦◦≈
·(····▒▒······≈≈≈≈≈≈≈≈≈≈≈≈≈≈≈≈≈≈≈
≈·····▒▒·····≈≈≈≈≈≈≈≈≈≈≈≈≈≈≈≈≈≈≈≈


Turn 48294 on Shoals:3: ow ▒≈≈≈≈≈≈≈≈≈ ▒≈≈≈≈≈≈≈≈≈ ···········
▒≈≈≈≈≈··············≈≈· ·≈≈≈··············≈≈≈· ···········▒▒·········
▒▒▒··········▒≣·······<❦ ·≣▒··▒▒···≈··▒≣········❦ ·≣▒·▒▒▒▒▒·≈···▒·······❦·
·▒·····▒·≈≈·····@····❦❦❦ ▒▒···≈≈)······▒····❦❦·❦❦ ····≈≈·<··▒▒·▒▒·····▒▒◼▒
···≈≈····❦▒··▒≣····▒▒ ·······≈≈····▒≣····▒ ··≈····≈≈·❦≈≈······▒
··≈≈≈≈≈❦❦≈≈≈·······▒ ≈≈≈≈≈≈≈·❦❦≈≈··❦····▒ ≈≈≈❦≈≈≈≈❦❦≈≈≈≈≈≈ Turn 49584 on
Shoals:4: classic huts ≈··············≈≈≈·≈····▒ ········▒▒·m····c❋❋····∞▒
········▒≣·······❋❦······ ▒▒···≈··▒≣·······❋❦······ ▒▒▒▒·≈···▒······ᛝc❋❋❋···▒
··▒·≈≈··········❦❦❦❋❋···· ≈≈)······▒····❦❦(❦mt❦❦··▒ ≈·<··▒▒·▒▒·····▒▒❋▒▒≈···
····❦▒··▒≣····▒▒@❋❋▒ ❦≈ ··≈≈····▒≣····▒·❋❋❋ᛝ▒ ··≈≈·❦≈≈······▒·!)··▒
≈≈❦❦≈≈≈·······▒··)··▒ ≈≈·❦❦≈≈··❦····▒▒···▒▒ ≈≈≈❦❦≈≈≈≈≈≈ ▒▒▒▒▒ ≈≈❦≈·❦··≈≈≈
≈≈❦··▒···≈ Turn 49610 on Shoals:4: augh so mephentic ·············≈≈≈·≈····▒
······▒▒·············∞▒ ······▒≣·····m·∘❦······ ···≈··▒≣·······∘❦······
▒▒·≈···▒·····❋❋··m·m··▒ ▒·≈≈·········∘)∘·)····· )······▒····m✢))···❦··▒
<··▒▒·▒▒·····▒▒❋▒▒≈··· ··❦▒··▒≣····▒▒·)@▒▒ ❦≈ ≈≈····▒≣····▒·∘···▒
≈≈·❦≈≈······▒·❋)❋·▒ ❦❦≈≈≈·······▒·❋❋❋·▒ ·❦❦≈≈··❦····▒▒···▒▒ ≈❦❦≈≈≈≈≈≈ ▒▒▒▒▒
❦≈·❦··≈≈≈ ❦··▒···≈ Turn 49636 on Shoals:4: thanks ≣≣≣≣≣≣≣≣≣◼≣ ≣····^····· ≣··@≣
≣·[·≣ ≣·≣≣≣ ≣· ≣ Turn 51374 on Vaults:1: cursed vaults enry ▒··e··⁑··▒
▒▒ee······▒▒ ▒·e·····e··▒ ▒··········· ▒··⁑o····⁑·▒ ▒····(·····▒ ▒·?··⁑e····▒
▒···@····e·· ▒····⁑··h··▒ ▒·······h··▒ ▒··⁑·····⁑·▒ ▒········@·· ▒·······e^·▒
▒▒e··{····▒▒ ▒····h⁑··▒ Turn 52007 on Elf:1: wow
····▒··▒▒▒·▒·▒··················· ▒▒▒▒▒··▒ ▒·▒·▒▒▒▒▒▒▒▒▒▒▒▒▒⸬▒·▒▒▒▒ ··[·▒··▒
▒·▒····<··········▒·▒ ··▒·▒··▒▒▒(▒·▒▒▒▒▒▒▒[······▒·▒
▒·▒·▒▒·····················▒·▒ ··▒····≣≣≣≣≣♣≣≣≣≣≣≣≣)······▒·▒
··▒▒▒▒)≣·····≣·····≣·······▒·▒ ▒·▒ ▒·≣♣····⸬·(T··≣····)··▒·▒ ▒·▒
▒·≣··⌠··⸬·c@p·≣·····^·▒⸬▒▒ ▒·▒ ▒·≣·····⸬·····≣··)·)·····▒
▒·▒▒▒▒·≣·····≣·····≣·[········▒ ···)▒▒·≣≣⸬⸬⸬♣≣≣≣≣≣≣≣··········▒
····⸬··≣·····≣····(≣·······▒⸬▒▒ ····▒▒·≣·····⸬·····≣···(·▒▒▒▒▒▒▒▒
····▒··≣··⌠··⸬··⌠··≣····)⸬······· ····▒··≣·····⸬·····≣·····▒▒▒▒·▒·▒
····▒<·≣·····≣·····≣·····⸬······· Turn 52492 on D:14: oww ≣·····≣· ··≣ ≣
≣····p≣·· ··≣ ·≣ ≣·····⸬ᛟ· ··≣··≣ ≣····[≣··≣≣≣♣◼♣≣··≣ ≣·····⸬···········≣
≣···········≣ ≣······)····≣ ≣··≣♣≣ᛟ♣≣≣··≣ ≣· ≣·@cᛝ·♣ ·⸬ ♣c····♣ ·· ≣·····≣ ··
≣≣≣≣♣≣≣ ≣ Turn 54677 on Vaults:1: dumb ≣≣····≣ ······≣ ≣·····≣ ≣·····≣≣
≣≣≣≣≣≣≣≣♣≣ ≣·····≣· ≣·····≣··♣ ≣····p≣··≣·····♣··≣ ≣·····⸬·· ····♣)·≣
≣····[≣··♣≣♣≣⸬≣≣(ᛝ≣ ≣·····⸬········9@·≣ ≣···········♣ ≣····)·)·♣··≣
≣··≣≣≣)♣≣≣··♣ ≣· ≣··)ᛝ·≣·♣≣ ·⸬ ≣·····≣··≣ ·· ≣·····≣··≣ ·· ≣≣≣≣♣≣≣♣≣≣ ≣ Turn
54857 on Vaults:1: rip dryad ≣≣≣≣≣·≣▓······▓ ▓····<· ≣·≣▓···[··▓ ▓▓▓▓▓ ▓♣·····
≣··⸬······▓ ▓▓···▓▓ ▓······ ≣·≣▓······▓ ▓▓·····▓▓ ▓······
≣·≣▓······▓▓▓·······▓▓▓·[···· ··≣▓···)··▓▓··▓▓▓▓▓··▓▓⸬⸬▓▓⸬▓
≣≣≣≣▓······▓···▓···▓···⸬··▓▓·· ▓······▓···⸬···▓···▓····▓▓ ▓
▓······◼·@·▓···▓···▓··▓▓·· ▓ ▓······▓▓·(▓▓▓▓▓··▓▓▓▓▓▓·· ▓
▓▓▓▓▓▓▓▓▓▓··≈····▓▓▓··▓▓·· ▓ ▓▓·≈≈≈·▓▓ ···▓▓ ▓▓▓▓▓ ▓▓≈≈·▓▓ ··▓▓·· ····▓ ▓▓▓
▓▓▓▓▓⸬▓▓▓▓▓▓▓▓▓·· ····▓ ▓▓·▓▓ ▓·········⸬··▓▓·· ····▓ ▓···▓ ▓·········▓····▓▓
▓▓▓▓▓ ▓▓▓·▓▓▓ ▓·········▓··▓▓·· Turn 59004 on Vaults:3: fuk u mennas ▒▒▒▒▒▒▒▒▒
▒▒▒ ▒▒▒▒▒▒▒·▒····▒· ▒▒▒·▒▒ ▒▒··▒▒·········· ▒▒····▒▒ ▒▒▒ ▒···············
·······▒ ▒▒·▒▒ ▒▒··············· ···▒···▒▒▒^··▒▒▒▒················
·▒▒·····▒▒▒··▒··@················ ▒▒·······▒·······················
▒▒·▒··················▒········· ▒▒·▒▒················▒··········
▒···▒·▒························· ▒▒·▒············❦···············
▒▒▒·················▒▒········· ▒▒·▒······∩··················
▒▒··❦···❦·⁑················· Turn 62948 on Orc:2: ok this gon be a stair
dancerino ▒▒··▒ ▒▒·▒▒▒▒▒▒▒▒▒▒▒▒▒ ▒▒·▒·▒▒▒▒·▒▒ ▒▒··^··▒▒·▒▒ ▒▒········▒▒▒▒▒▒
▒·········[······ ·▒▒>·····▒▒▒▒▒▒▒▒ ▒▒▒····▒▒▒▒·▒▒▒▒ ················▒
▒▒▒▒·▒▒▒▒@······· ▒▒·▒ ▒▒·▒▒▒▒▒▒g▒ ▒·▒▒▒▒e▒▒ ▒·▒·····▒▒ · ·▒·······▒ ·▒
▒▒·····▒▒ ·▒ ▒▒▒▒▒▒▒)▒▒▒▒▒▒·▒▒ ·······❋········· ▒▒▒▒▒▒▒▒▒·▒▒·▒▒▒▒ Turn 64860 on
Elf:1: jorgo ·· · ▒▒▒·▒·▒ ▒▒···▒·▒▒ ▒······· ▒·····▒ ▒·····▒ ▒▒▒<··▒▒▒··
▒·······▒·· ▒@▒▒·▒▒·▒·· ▒·▒ ·▒ ▒·· ▒·▒ ·· · ▒(▒ ▒·▒ ▒·▒ ·▒· ▒·· ···· ▒@· ≣▒ ··
··≣ Turn 65300 on Elf:2: CAN YOU FEEL IT CAN YOU FEEL IT ·· · ▒▒▒·▒e▒ ▒▒···▒·▒▒
▒······· ▒·····▒ ▒·····▒ ▒▒▒<··▒▒▒·· ▒·······▒·· ▒@▒▒·▒▒·▒·· ▒·▒ ·▒ ▒·· ▒·▒ ·· ·
▒(▒ ▒·▒ ▒·▒ ·▒· ▒)· ···· ▒(· ≣▒ ·· ··≣ Turn 65305 on Elf:2: nice
····≣··········≣ ░····≣··▒· ···▒≣····▒▒····≣ e·e·≣··▒· ····≣≣···▒·▒···≣≣
·····▒▒· ··/·▒≣·[··▒▒=···≣ e··▒▒·· ····▒≣····▒·▒···≣ ≣≣≣··)····
···▒▒≣≣··)·▒▒···≣ ≣≣≣≣·)·▒····≣ ····▒ ≣·····▒···≣≣≣≣≣··))·▒▒e···≣ ····▒
≣≣········✱··)·)e·▒▒▒····≣ ▒▒▒▒▒ ≣≣≣······@··)··)·▒····≣≣≣ ≣≣≣≣·············≣≣≣≣
≣≣≣≣≣≣≣≣≣≣≣≣≣≣≣ Turn 68774 on Elf:3: oh fuck ▒▒[▒▒·≣··♣···≣≣≣ ▒·▒▒▒≣·····(··≣≣
▒▒·▒▒ ≣···▒)····≣ ··· ▒···▒▒≣··▒·♣····♣≣ ·o≣ · ▒·····≣··········♣ ░····≣··
▒····▒≣····▒♣·♣··≣ e···≣·· ······≣≣···▒·♣ᛝ··≣♣ ·····▒ ····/·▒≣·[··♣▒()··≣ ···▒▒
······▒≣····♣··®@·≣ ≣≣≣)·)·· ▒····▒▒≣≣··[·▒··ee≣ ≣≣≣≣e[·▒··· ▒·····▒
♣·····▒···≣≣≣≣≣✼∘✢)·▒▒e·· ▒·····▒ ♣♣··♣········)E[·)··▒···· ▒▒▒▒▒▒▒
♣≣≣·····♣··e[·E[∘·····≣≣ ♣♣≣≣·····=···✢···≣≣≣≣ ≣♣≣♣♣≣♣♣≣≣≣≣≣≣≣ Turn 69149 on
Elf:3: ow ▒··▒ ▒▒▒▒▒···▒·▒ ▒♣·▒ ▒▒·····▒▒·▒▒ ▒▒▒▒ ▒·▒ ▒··▒▒▒·▒[▒▒ ▒▒··▒ ▒·▒ ▒·▒▒
▒··▒▒ ▒··▒▒ ♣♣▒▒▒⸬▒▒▒ ▒▒▒·▒▒▒▒·▒▒▒▒▒ ··▒▒▒▒ ▒·······▒ ▒·············
····[▒▒▒·······▒▒▒▒▒·(··········· ▒▒▒▒···⸬·······[·▒▒·············· ▒
▒▒▒▒▒··♣≈≈··▒@>··············· ▒▒▒▒▒▒▒▒···≈≈≈·▒▒··▒·············
····▒·▒▒▒♣♣⸬▒▒▒♣··▒▒············· ···▒·▒▒ ▒···▒▒▒··▒▒▒▒▒·▒··▒▒▒▒▒▒▒ ····▒▒▒
▒·▒▒▒▒··▒▒ ▒·▒·▒▒ ▒ ··[···▒▒▒·▒▒▒··▒▒ ▒··(▒ ····▒··)♣⸬▒▒··▒▒▒ ▒▒▒·▒
≈≈········▒·····▒▒▒▒▒▒▒▒·▒▒▒▒▒▒▒ ·≈≈··)▒▒▒···▒·▒·⸬··▒▒··········▒ Turn 72648 on
Depths:1: dang pain lajatang ▒·▒▒ ▒▒▒▒▒▒[▒⸬▒▒ ▒··▒ ▒▒▒▒▒···▒· ▒♣·▒ ▒▒·····▒▒·▒ ▒
▒▒▒▒ ▒·▒ ▒··▒▒▒·▒[▒▒ ▒▒▒··▒ ▒·▒ ▒·▒▒ ▒··▒▒ ▒▒··▒▒ ♣▒▒▒▒⸬▒▒▒ ▒▒▒·▒▒▒▒·▒▒▒▒
▒··▒▒▒▒ ▒·······▒ ▒············ ·····[▒▒▒·······▒▒▒▒▒·(··········
·▒▒▒▒···⸬·······@·▒▒············· ▒▒ ▒▒▒▒▒·······▒)>··············
▒▒▒▒▒▒▒▒▒·······▒▒··▒············ ·····▒·▒▒▒▒▒⸬▒▒▒♣··▒▒············ ····▒·▒▒
▒···▒▒▒··▒▒▒▒▒·▒··▒▒▒▒▒▒ ·····▒▒▒ ▒·▒▒▒▒··▒▒ ▒·▒·▒▒ ···[···▒▒▒·▒▒▒··▒▒ ▒··(▒
≈····▒··)♣⸬▒▒··▒▒▒ ▒▒▒·▒ ▒≈≈········▒·····▒▒▒▒▒▒▒▒·▒▒▒▒▒▒▒ Turn 72649 on
Depths:1: could have been a necromancer ······ ▒··· ····· ▒····· ···· ······ ···
·· ▒···· ·· ··▒ ▒···▒▒· ···▒▒▒···▒p▒▒▒ ·········p@▒·▒▒ ··(····T)·D···▒▒
····T··········▒ ···············▒ ···············▒ ·····?·········▒
≈··············▒ ≈················ ·····▒▒▒···▒·▒▒·· Turn 73337 on Depths:2: oh
no ▒▒▒ ··▒ ▒·▒ ▒·▒ ▒·▒ ▒·▒ ▒·▒ ▒@▒ ▒S▒ · ▒▒▒▒▒▒▒▒▒▒▒▒▒ದ▒ >· ·······Ω··T·CT▒
··▒▒▒▒···T·S·▒▒▒▒▒ ®····⁑···>ದ·▒▒ ▒····®··)···▒ ▒······∩·Dದ·▒ ▒····!·····▒▒ Turn
74141 on Depths:3: what ·······▒ ▓·······▓ ·······▒ ▓···𓀾··(▓ ·····(·◼ ▓▓▓▓⸬▓▓▓▓
·······▒ ▓····❋··▓ ▒▒▒▒▒▒▒▒ ▒▒▓·······▓▒▒ ▒······▒ ∩▒·⸬·······⸬·▒
▒······▒▒·▒·▓·······▓·▒ ▒·········▒ ▓···[···▓·▒ ▒ ▒·········▒ ▓▓▓▓@▓▓▓▓▒▒ ▒ ▒▒
▒·········▒ ▓·▓ ▒·▒· ▒·········▒ ▓·▓ ▒·▒· ▒·········▒ ▒▒▓·▓▒▒ ▒··· ▒▒····▒▒▒·▒
▒·⸬·⸬·▒ ▒▒▒· ▒▒····▒▒▒·▒ ▒·▓·▓·▒ ▒· ·⸬····⸬·▒·▒ ▒·▓·▓·▒ ▒· ▒▒····▒▒▒·▒ ▒▒▓/▓▒▒
▒· ·⸬····⸬···▒ ▓▓▓·▓▓▓ ▒· Turn 75018 on Depths:3: oh what ·▒ ▒·········▒ ▒▒▓·▓▒▒
▒ ·▒ ▒▒····▒▒▒·▒ ▒·⸬𓀾⸬·▒ ▒ ·▒▒▒▒····▒▒▒·▒ ▒·▓·▓·▒ ····⸬····⸬·▒·▒ ▒·▓·▓·▒
▒▒▒▒▒····▒▒▒·▒ ▒▒▓/▓▒▒ ····⸬····⸬···▒ ▓▓▓·▓▓▓ ▒▒▒▒▒····▒▒▒·▒ ▓⁑▓⸬▓⁑▓ ▒▒▒▒▒▒
▒·▒▒▓▓·▓)▓·▓ ▒····@·····▒ ▒▒▒▒▒▒▒▒▒▒▒▒ Turn 75037 on Depths:3: cool play
··≈≈≈≈≈·▒ ▒▒▒▒▒·▒▒▒▒▒▒ ▒▒≈░░░≈·▒ ▒····▒ ▒▒≈≈≈≈≈·▒ ▒▒▒▒y▒ ▒▒≈≈░≈≈▒▒ ▒❋▒ ·▒≈≈░≈≈▒
▒▒▒▒▒▒▒·▒▒▒ ▒·≈≈░≈≈▒ ▒▒▒▒······C··▒ ▒·≈≈≈≈≈▒ ▒▒····▒▒▒i▒▒▒·▒
▒·≈░░░≈▒▒▒··▒▒·▒···▒···▒ ··≈≈≈≈≈·⸬··▒▒▒·▒@▒·▒·▒▒▒ ▒▒▒▒▒▒··▒▒▒▒ ▒·▒·▒·▒···▒
········▒ ▒·▒·▒▒▒▒▒·▒ ▒⸬▒▒▒▒▒▒▒ ▒·▒··)····▒ ▒·▒ ▒▒▒▒▒·▒▒▒▒▒ ··▒ ▒·[▒ ▒▒▒▒▒▒▒▒▒
▒▒▒▒▒▒⸬▒▒▒▒ ········▒ ▒·········▒ ··(·····▒▒▒▒▒▒·········▒ Turn 76102 on
Depths:1: fukkin dumb ▒≈≈░≈≈▒▒ ▒>▒ ▒≈≈░≈≈▒ ▒▒▒▒▒▒▒·▒▒▒ ·≈≈░≈≈▒ ▒▒▒▒·····C···▒
·≈≈≈≈≈▒ ▒▒····▒▒▒·▒▒▒·▒ ·≈░░░≈▒▒▒··▒▒·▒···▒···▒ ·≈≈≈≈≈·⸬··▒▒▒·▒·▒·▒·▒▒▒
▒▒▒▒▒··▒▒▒▒ ▒·▒·▒·▒···▒ ·······▒ ▒·▒·▒▒▒▒▒·▒ ⸬▒▒▒▒▒▒▒ ▒·▒·@)····▒ ·▒ ▒▒▒▒▒·▒▒▒▒▒
·▒ ▒·[▒ ▒▒▒▒▒▒▒▒ ▒▒▒▒▒▒⸬▒▒▒▒ ·······▒ ▒·········▒ ·(·····▒▒▒▒▒▒·········▒
·······⸬····⸬·········▒ ·······▒▒▒▒▒▒·········▒ ·······▒ ▒·········▒ Turn 76270
on Depths:1: oh arga tho ········ל··≈≈≈h ····»······≈≈≈≈ ···········≈≈≈≈
·······«·····≈≈ ·············≈≈ ·········D···≈≈ ··············· ·······@·····N·
··············· ·······D······· ··▒▒◼▒▒········ · ▒········ ▒D······· ·>··≈····
·······▒· Turn 76417 on Depths:4: no bad stair ·············· ·≣≣≣≣≣≣········
·≣≈≈≈≈≣······· ·≣≈≈≈≈≣······· ·≣≈≈≈≈≣······ ·≣≈≈E≈≣·· ··· ·≣≈≈≈≈≣C▒ ▒⸬▒▒▒▒▒▒▒▒▒▒
·≣≈≈≈E≣·▒ ▒)▒········· ·≣≈≈≈E≣)▒▒▒@▒·▒▒▒▒▒▒▒▒ ·≣≣≣≣≣≣·⸬··D··▒▒▒▒▒▒
········▒▒▒Q▒······◼ ▒▒◼▒▒▒▒▒▒▒▒)▒·▒▒▒▒▒▒ (··?·······▒ ▒▒▒▒▒▒▒·ל≣▒▒ ▒▒▒··▒▒
▒·····▒▒ ◼···⁑··▒▒ Turn 77727 on Depths:4: bad ▒▒·▒▒·▒▒······ ▒··▒··▒·······
▒············· ▒············· ❋· ▒············· · ≈···▒▒▒▒▒···≣≣≣≣≣≣····
≈≈≈·······⸬···≣E≈≈≈≣···· ·····▒▒▒▒·▒···≣E≈≈≈≣···· ≈h ל······@··▒···≣≈≈≈≈≣···· ≈➌
····▒▒▒▒▒▒▒···≣≈≈≈≈≣···· ≈➌ · ▒···≣≈≈≈≈≣·▒▒▒ ❋≈ ▒···≣≈≈≈≈≣·▒ ▒ ≈≈ ▒···≣≈≈≈≈≣)▒▒▒
≈❋ ▒···≣≣≣≣≣≣·⸬·[ ·· ········▒▒▒ ·N ▒▒⸬▒▒▒▒▒▒▒▒ ·· (··?···· Turn 78889 on
Depths:4: ok bub ▒▒·▒▒·▒▒······ ▒··▒··▒······· ▒············· ▒············· ❋·
▒············· · ≈···▒▒▒▒▒···≣≣≣≣≣≣···· ≈≈≈·······⸬···≣E≈≈≈≣····
❋····▒▒▒▒·▒···≣E≈≈≈≣···· ≈h ··[····@··▒···≣≈≈≈≈≣···· ≈➌ ····▒▒▒▒▒▒▒···≣≈≈≈≈≣····
≈➌ · ▒···≣≈≈≈≈≣·▒▒▒ ❋≈ ▒···≣≈≈≈≈≣·▒ ▒ ≈≈ ▒···≣≈≈≈≈≣)▒▒▒ ≈❋ ▒···≣≣≣≣≣≣·⸬·[ ··
········▒▒▒ ·N ▒▒⸬▒▒▒▒▒▒▒▒ ·· (··?···· Turn 78893 on Depths:4: gottem
▒·············· ···^··········· ··············· ·········(·^··· ···············
·····}········· ··············· ·······@······▒ ···········i··· ···············
·········▒····· ·······i▒i····· ·⁑···▒··▒······ ····≣·▒▒·▒▒···· ···· ≣
▒··▒··▒▒▒▒▒▒▒▒ ·▒di··········· Turn 80578 on Depths:5: I see ◦ ········▒
········· ◦ ········▒ ········▒▒▒ ◦······J···▒▒ ◦···········▒▒▒ ·▒·◦
·············▒···· ◦···J·····J········ ·········J@······· ◦··················
·····J····J······· ◦ ····ಠ············· ····J············· ░ ···ಠ·········^····
······J··········· ░ ··············· ░ ◦ ◦ ░ Turn 84306 on Slime:5: fuck ◦ ◦ ◦
··············· ··············· ░ ··············· ··············▒
··············· ◦ ··············▒ ◦ ··············▒▒▒ ◦ ·······@···J····▒▒ ◦◦
◦·J^····J·········▒▒▒ ·▒· ◦ ··J················▒···· ◦◦◦
··J············<········ ◦ ≣≣··············❋······· ≣≣·······J··JJ·········
≣≣············J······· ◦ ◦ ≣≣·····ಠ············· ····J············· Turn 84307
on Slime:5: really ▒▒♣▒▒▒▒ ▒ ░ · ▒▒··♣··▒·▒ ··♣░ ♣▒▒♣▒········ ·♣··
♣♣···♣······▒ ·····♣········▒·▒▒▒· ▒·♣··≈·············· ····≈≈≈·≈·@♣········ ◦◦
◦ ······≈≈≈≈ᛝJ····J··· ◦ ◦ ····≈≈≈≈≈≈≈♣···♣▒··J ····♣··▒≈♣>·········
···················◦ ░ ▒·▒················· ░ ▒░▒▒············J▒▒· ◦
············J·▒ ▒·············▒ Turn 84409 on Slime:4: oh that's some kind of
vault ▒ ▒▒▒▒▒▒▒ ▒ ░ ▒·░ ▒▒·····▒·▒ ···▒♣ ▒▒▒▒▒········ ▒····▒▒▒··········▒
▒·····▒········▒·▒▒▒· ▒··················· ···················· ◦◦
◦··········@·········· ◦ ◦ ▒···············▒▒··J ▒·······▒··>·········
▒···················◦ ░ ▒▒·▒················· ░ ▒▒▒▒·············▒▒·
··············▒ ▒·············▒ ··············· Turn 84760 on Slime:4: ugh
░▒····▒▒▒··········▒·······▒░· ▒▒▒·····▒········▒·▒▒▒·····▒▒▒▒
▒▒·▒▒·························▒▒ ▒·······························
▒▒······························ ▒▒▒···············▒▒···········
▒·······▒··>················· ▒······················▒·▒▒··
▒▒·▒········@·········▒▒▒▒▒·· ▒▒▒▒·············▒▒···▒ ▒▒··
▒··············▒▒▒··▒▒▒··· ▒▒·············▒·····▒▒▒·▒
▒▒···················▒▒▒▒▒· ▒·················▒·▒▒▒▒···
▒▒···················▒····· ▒▒·▒············▒▒········ ▒▒····▒········▒·········
Turn 84951 on Slime:4: ok this bubble is safe at least
░◦◦░◦◦◦◦◦◦◦◦◦◦◦◦◦◦◦◦░░░◦░░◦◦░░◦ ░░░◦◦◦◦···············≣≣≣≣·≣≣░≣
░░◦◦░◦◦················≣·≣··≣≣· ░◦◦░░░◦························
░░░░░◦◦························ ░◦◦····················J···
░░░························ ░·······J················ ░░░▒···J@················
▒▒▒···J·······❋······· ▒▒·················· ▒···················
▒▒·················· ▒▒················· ▒▒▒··········❋···· ▒▒·▒············
▒▒▒·▒▒▒▒▒▒·▒··· Turn 84955 on Slime:5: fuck ░░◦░░░◦◦◦◦◦░ ▒▒▒▒▒·····▒···◦░░ ▒▒░
░░░░▒▒·▒·······ಠ···◦·▒░░▒▒·▒ ░◦◦░▒·········<····◦···░▒···
░░░◦◦◦···············◦····▒··· ░◦◦◦◦◦···············◦········
░░░░◦◦◦◦···············◦········ ░◦◦◦◦◦◦◦···············◦········
░◦◦◦◦◦◦◦·······@·······◦········ ░░◦◦◦◦◦◦◦·······J················
░◦◦◦◦◦◦◦◦························ ◦◦◦◦◦◦◦◦◦························
◦◦◦◦◦◦◦◦◦························ ◦◦◦◦◦◦◦◦◦·······JJJJJ············
◦◦◦◦◦◦◦◦◦······JJJJJJ············ ◦◦◦◦◦◦◦◦◦·······JJJJJ·······J·J··
◦◦◦◦◦◦◦◦◦◦◦◦◦◦◦◦◦◦◦◦◦◦·······❋··· Turn 84962 on Slime:5: fuck
░◦◦◦◦◦◦◦◦◦◦◦◦◦····≣░░◦◦◦◦░░◦◦ ░◦░◦◦··············≣░◦◦◦◦◦░◦░
░░░◦◦···············≣░◦◦◦░░◦◦ ░◦◦◦················░░◦◦◦░░◦
░◦◦░·············❋❋·≣≣≣◦░░◦◦ ░░░◦···········J··❋❋❋❋≣≣≣≣·≣
░░◦◦▒············❋❋❋❋J❋≣·≣·· ░◦◦░▒▒······J·J··❋❋❋❋J❋❋····
░░░░▒❋·····@·····❋❋❋❋❋❋❋···· ▒·············❋❋❋❋❋❋···· ▒▒▒··J··········J·······
▒····················· ▒▒▒▒····<············· ▒▒▒················
▒▒··············· ▒················ ▒▒··············· Turn 84976 on Slime:5: rip

Skill      XL: |  1  2  3  4  5  6  7  8  9 10 11 12 13 14 15 16 17 18 19 20 21 22 23 |
---------------+----------------------------------------------------------------------+-----
Stealth        | 2 3 |  3.0
Spellcasting   | 2 3 5 6 7 8 |  8.4
Summonings     | 4 5 6 7 8 |  8.0
Staves         | 1 2 3 5 6 9 10 13 | 13.9
Armour         | 1 2 3 6 7 10 11 | 11.1
Air Magic      | 3 5 7 9 10 11 12 14 16 17 19 | 19.0
Fighting       | 1 3 4 7 8 10 12 14 15 16 18 | 18.8
Dodging        | 3 4 6 8 10 11 12 16 18 | 18.8
Conjurations   | 4 7 10 11 | 11.0
Translocations | 6 |  6.0
Evocations     | 4 8 9 |  9.0
Maces & Flails | |  0.8

Action                   |  1- 3 |  4- 6 |  7- 9 | 10-12 | 13-15 | 16-18 | 19-21 | 22-24 || total
-------------------------+-------+-------+-------+-------+-------+-------+-------+-------++-------
Melee: Unarmed           |     4 |       |     8 |       |       |       |       |       ||    12
       Whip              |    21 |   113 |    89 |       |       |       |       |       ||   223
       Quarterstaff      |     1 |       |    86 |   357 |   180 |       |       |       ||   624
       Lajatang          |       |       |       |       |   154 |   203 |   281 |    69 ||   707
       Mace              |       |       |       |       |     3 |       |       |       ||     3
       Staff             |       |       |       |       |     3 |     8 |     3 |       ||    14
 Fire: Hunting sling     |    49 |    14 |       |       |       |       |       |       ||    63
Throw: Stone             |     2 |       |       |       |       |       |       |       ||     2
       Dart              |     6 |     9 |     2 |     4 |     2 |     1 |     1 |       ||    25
       Throwing net      |       |       |       |       |       |       |     3 |       ||     3
 Cast: Summon Small Mamm |    48 |    14 |     7 |     2 |       |       |       |       ||    71
       Call Imp          |     6 |    31 |    87 |     5 |     3 |       |       |       ||   132
       Call Canine Famil |       |     4 |    45 |    26 |     5 |       |       |       ||    80
       Summon Lightning  |       |       |    43 |   125 |    68 |   108 |    11 |     4 ||   359
       Lightning Bolt    |       |       |       |    44 |   435 |   510 |   436 |   174 ||  1599
       Summon Forest     |       |       |       |       |    18 |    23 |     8 |     7 ||    56
       Passwall          |       |       |       |       |     8 |       |       |       ||     8
       Maxwell's Capacit |       |       |       |       |       |    21 |    57 |    36 ||   114
       Passage of Golubr |       |       |       |       |       |     4 |    13 |    10 ||    27
       Conjure Ball Ligh |       |       |       |       |       |       |    96 |    28 ||   124
       Blink             |       |       |       |       |       |       |    14 |    26 ||    40
Evoke: Wand              |       |       |     9 |    14 |    30 |    13 |    11 |    22 ||    99
       Lightning rod     |       |       |       |     5 |     5 |       |       |       ||    10
       Phial of floods   |       |       |       |     1 |     1 |     2 |     2 |       ||     6
       Tin of tremorston |       |       |       |     2 |     2 |     6 |       |     2 ||    12
       Condenser vane    |       |       |       |       |       |     4 |     1 |     2 ||     7
       Phantom mirror    |       |       |       |       |       |       |       |     1 ||     1
  Use: Scroll            |     6 |     8 |    12 |    14 |    22 |    24 |    11 |    16 ||   113
       Potion            |       |       |     6 |     8 |     9 |    12 |     6 |    23 ||    64
 Stab: Distracted        |       |       |    11 |    19 |     5 |     8 |     1 |       ||    44
       Sleeping          |       |       |       |     2 |       |       |       |       ||     2
       Paralysed         |       |       |       |     2 |     7 |       |     5 |    10 ||    24
       Confused          |       |       |       |     1 |       |     1 |     1 |       ||     3
Armor: Robe              |     6 |       |       |       |       |       |       |       ||     6
       Scale mail        |    13 |    72 |    48 |       |       |       |       |       ||   133
       Steam dragon scal |       |       |    31 |       |       |       |       |       ||    31
       Skin              |       |       |    13 |     6 |       |       |       |       ||    19
       Acid dragon scale |       |       |    32 |       |       |       |       |       ||    32
       Leather armour    |       |       |       |   196 |   292 |   413 |   382 |   124 ||  1407
Dodge: Dodged            |    17 |    83 |   121 |   330 |   529 |   631 |   604 |   244 ||  2559
       Repelled          |       |       |       |       |       |       |       |     9 ||     9

Table legend: (Time is in decaauts)
 A = Elapsed time spent in this place.
 B = Non-inter-level travel time spent in this place.
 C = Inter-level travel time spent in this place.
 D = Time resting spent in this place.
 E = Time spent auto-exploring this place.
 F = Levels seen in this place.
 G = Mean time per level.
                   A        B        C        D        E       F      G
               +--------+--------+--------+--------+--------+-----+--------+
         Total |  85312 |  78613 |   6699 |  34642 |  27894 |  49 | 1741.1 |
       Dungeon |  24233 |  21621 |   2612 |   8514 |   9050 |  15 | 1615.5 |
          Lair |  12286 |  11269 |   1017 |   4502 |   4289 |   6 | 2047.7 |
        Shoals |   7428 |   7054 |    374 |   3463 |   2239 |   4 | 1857.0 |
     Snake Pit |   8723 |   8081 |    642 |   3716 |   3044 |   4 | 2180.8 |
    Slime Pits |   1415 |   1415 |      0 |    822 |    196 |   5 |  283.0 |
  Orcish Mines |   4409 |   3999 |    410 |   2072 |    997 |   2 | 2204.5 |
   Elven Halls |   5535 |   5235 |    300 |   2243 |   1799 |   3 | 1845.0 |
        Vaults |   9041 |   8357 |    684 |   3212 |   3219 |   4 | 2260.2 |
        Depths |  12187 |  11529 |    658 |   6096 |   3060 |   5 | 2437.4 |
        Bazaar |     51 |     51 |      0 |      0 |      0 |   1 |   51.0 |
               +--------+--------+--------+--------+--------+-----+--------+

Top non-repeatable levels by time:
    D:14: 3939 daAuts
Depths:4: 3939 daAuts
Depths:3: 3601 daAuts
  Lair:6: 3203 daAuts
Vaults:1: 2992 daAuts
 Snake:2: 2957 daAuts
Depths:1: 2784 daAuts
Vaults:3: 2686 daAuts
  Lair:5: 2341 daAuts
   Elf:3: 2340 daAuts
Shoals:1: 2334 daAuts
   Orc:2: 2294 daAuts
  Lair:3: 2186 daAuts
Shoals:2: 2126 daAuts
   Orc:1: 2114 daAuts

Vanquished Creatures
  An ancient lich (Depths:4)
  3 juggernauts
  Mennas (Vaults:3)
  A royal mummy (Depths:3)
  Boris (Depths:4)
  A golden dragon (shapeshifter) (Depths:4)
  4 golden dragons
  Nikola (Elf:2)
  the Enchantress (Depths:5)
  2 tentacled monstrosities (Depths:4)
  6 liches
  A deep elf master archer (Elf:3)
  Jorgrun (Elf:1)
  5 acid blobs
  A quicksilver dragon (Depths:4)
  A deep elf blademaster (Elf:3)
  Polyphemus (Shoals:2)
  4 sphinxes
  Roxanne (D:15)
  2 storm dragons (Depths:4)
  A tengu reaver (Vaults:3)
  2 shadow dragons
  2 thorn hunters (Depths:2)
  Kirke (Orc:2)
  4 nagarajas (Snake:4)
  10 deep elf sorcerers (Elf:3)
  2 iron dragons (Depths:4)
  6 fire giants
  A rockslime (Slime:2)
  A draconian scorcher (Depths:5)
  6 frost giants
  9 vault wardens
  Aizul (Depths:3)
  A balrug (Depths:3)
  4 deep elf elementalists (Elf:3)
  4 orc warlords
  12 spriggan defenders
  14 stone giants
  2 quicksilver oozes
  Louise (D:15)
  12 ironbound preservers
  A war gargoyle (Vaults:1)
  16 very ugly things
  5 deep elf annihilators
  A vampire knight (Depths:4)
  Nessos (Lair:4)
  6 dire elephants
  5 deep elf demonologists
  2 green draconians
  A black draconian (Depths:5)
  A purple draconian (Depths:4)
  10 spark wasps
  4 red draconians
  3 entropy weavers
  A white draconian (Depths:5)
  The ghost of Aricsoirch the Bludgeoner, a journeyman GrFi of Okawaru (Lair:4)
  5 merfolk javelineers
  2 crystal guardians
  Snorg (D:14)
  6 deep elf death magi
  The ghost of hofbold the Covert, a journeyman OpVM of Hepliaklqana (Lair:3)
  10 deep elf high priests
  6 fire dragons (Depths:4)
  8 merfolk impalers
  A quicksilver dragon zombie (Depths:3)
  7 ettins
  10 yaktaur captains
  5 ironbound thunderhulks
  6 hydras
  14 great orbs of eyes
  4 salamander tyrants
  4 rakshasas
  7 spriggan air magi
  2 catoblepae
  7 centaur warriors
  6 boulder beetles
  2 ogre magi
  13 naga warriors
  2 peacekeepers
  7 vault guards
  A hell beast (Depths:4)
  8 anacondas
  4 satyrs
  2 merfolk avatars
  10 ice dragons
  4 alligator snapping turtles
  5 ironbound frosthearts
  3 merfolk aquamancers
  3 death knights
  13 dancing weapons
  5 two-headed ogres
  15 deep troll shamans
  3 hell hogs (Depths:4)
  6 orc high priests
  2 death yaks (Shoals:2)
  6 naga sharpshooters
  4 ironbound beastmasters
  6 deep troll earth magi
  7 shock serpents
  7 spriggan berserkers
  2 tengu warriors
  6 hell knights
  2 sun demons (Depths:4)
  19 deep elf knights
  5 soul eaters (Depths:4)
  8 iron trolls
  9 sea snakes
  5 salamander mystics
  A spark wasp zombie (Depths:3)
  43 deep trolls
  A shadow wraith (Vaults:2)
  A golden dragon zombie (Depths:3)
  3 death drakes (shapeshifter)
  2 glowing orange brains
  2 flayed ghosts
  12 lindwurms
  A sphinx zombie (Depths:3)
  8 naga ritualists
  16 ironbound convokers
  15 deep elf archers
  A tengu zombie (Depths:3)
  17 deep elf zephyrmancers
  12 wizards
  34 ugly things
  19 deep elf pyromancers
  3 shining eyes
  A wolf spider (shapeshifter) (Depths:4)
  18 harpies
  15 fauns
  9 mana vipers
  10 orc sorcerers
  A frost giant zombie (Depths:3)
  A tengu skeleton (Vaults:1)
  10 orc knights
  4 necromancers
  2 fire giant zombies (Depths:3)
  10 manticores
  17 salamanders
  6 cyclopes
  2 rust devils (Depths:3)
  An elephant (Lair:5)
  34 black mambas
  2 merfolk sirens (Shoals:1)
  2 guardian serpents (Snake:3)
  A spriggan zombie (Depths:3)
  A black mamba (shapeshifter) (Elf:3)
  An elf zombie (Depths:3)
  17 naga magi
  2 smoke demons (Depths:4)
  13 vault sentinels
  An orange demon (Depths:3)
  A water nymph (Shoals:3)
  5 cane toads
  5 torpor snails (Lair:6)
  An elf skeleton (Vaults:1)
  5 komodo dragons
  A hellwing (Depths:3)
  3 guardian mummies (Depths:3)
  25 yaktaurs
  5 tengu conjurers
  An efreet (D:14)
  A komodo dragon (shapeshifter) (Elf:3)
  2 ice devils
  3 meliai (D:15)
  2 red devils (Depths:3)
  10 trolls
  16 hornets
  A jumping spider (shapeshifter) (Elf:3)
  2 jumping spiders
  7 polar bears
  22 merfolk
  2 tyrant leeches (Lair:6)
  Prince Ribbit (D:7)
  A dream sheep (shapeshifter) (Elf:3)
  3 blink frogs
  7 snapping turtles
  A dream sheep (Lair:4)
  7 wind drakes
  53 slime creatures
  17 spriggans
  2 shadows
  9 water elementals
  2 air elementals (Elf:1)
  A basilisk (D:15)
  4 redbacks
  14 humans (D:14)
  4 wyverns
  31 yaks
  2 fire elementals
  Grum (D:11)
  2 chaos spawn (Depths:3)
  3 vampires
  7 golden eyes
  3 hogs (Orc:2)
  5 vampire mosquitoes (D:12)
  6 wargs
  2 acid dragons (D:11)
  29 nagas
  13 water moccasins
  6 hell hounds (Lair:6)
  A sky beast (D:7)
  29 orc warriors
  An ettin simulacrum (Vaults:1)
  7 black bears (Lair:6)
  5 ogres
  11 wolves
  6 centaurs
  A phantom (D:6)
  A kobold brigand (D:8)
  2 human zombies
  5 bullfrogs
  3 earth elementals
  A scorpion (D:4)
  A water moccasin zombie (D:6)
  2 killer bees (D:10)
  3 wights
  4 electric eels
  A howler monkey (D:13)
  2 centaur zombies
  A bullfrog zombie (D:6)
  3 hounds
  A bullfrog skeleton (D:6)
  14 orc priests
  A gnoll shaman (D:6)
  7 jellies
  An iguana (D:4)
  7 orc wizards
  2 killer bee zombies
  6 mummies (Depths:3)
  A howler monkey zombie (D:6)
  3 gnolls (D:6)
  2 adders
  3 ufetubi
  44 orcs
  2 endoplasms (D:4)
  2 goblins (D:4)
  3 hobgoblins
  6 jackals
  12 kobolds
  2 quokkas
  2 ball pythons (D:3)
  2 bats
  3 frilled lizards (D:3)
  2 rats (D:3)
  17 briar patches (Depths:2)
1462 creatures vanquished.

Vanquished Creatures (collateral kills)
  Bai Suzhen (Vaults:2)
  A tentacled monstrosity (Vaults:4)
  2 sphinxes (Vaults:4)
  Agnes (Elf:1)
  3 rockslimes
  An azure jelly (Slime:4)
  3 vault wardens
  2 ironbound preservers
  A stone giant (Depths:2)
  A dire elephant (Vaults:1)
  A deep elf annihilator (Elf:3)
  An ettin (D:15)
  5 merfolk impalers
  A fire dragon (Lair:6)
  A yaktaur captain (Vaults:1)
  A hydra (D:10)
  A boulder beetle (Lair:6)
  A vault guard (D:14)
  3 naga warriors
  An ironbound frostheart (Vaults:3)
  A merfolk avatar (Shoals:2)
  2 centaur warriors
  2 catoblepae
  An orc high priest (Orc:1)
  2 ironbound beastmasters (Vaults:1)
  2 death yaks (Shoals:2)
  3 shock serpents
  A hell knight (D:15)
  3 sea snakes (Shoals:4)
  4 deep trolls
  5 ironbound convokers
  A deep elf archer (Elf:1)
  2 wizards
  A lindwurm (Vaults:4)
  4 harpies
  Pikel (D:7)
  2 mana vipers
  A necromancer (Depths:2)
  A salamander (Snake:4)
  An orc sorcerer (Orc:2)
  4 ugly things
  2 manticores (Shoals:1)
  5 fauns
  A vault sentinel (Vaults:3)
  A water nymph (Shoals:4)
  A guardian serpent (Snake:3)
  10 black mambas
  3 merfolk sirens
  3 naga magi (Snake:4)
  2 torpor snails
  Joseph (Lair:1)
  3 cane toads
  4 yaktaurs
  2 rime drakes
  2 komodo dragons
  A tengu conjurer (D:14)
  An unseen horror (shapeshifter) (D:13)
  An ice devil (Lair:6)
  4 trolls
  2 tyrant leeches (Lair:6)
  A queen bee (Lair:6)
  7 polar bears
  4 hornets
  2 raiju (Lair:6)
  10 merfolk
  5 wind drakes
  20 slime creatures
  7 blink frogs
  A snapping turtle (Shoals:4)
  2 wraiths (D:11)
  A spriggan (Depths:5)
  3 wyverns
  38 yaks
  A basilisk (Lair:3)
  A water elemental (Shoals:2)
  3 humans (D:14)
  3 steam dragons
  5 wargs
  5 nagas
  13 water moccasins
  7 hell hounds (Lair:6)
  An acid dragon (D:9)
  8 orc warriors
  3 sky beasts
  5 black bears
  2 ogres
  16 wolves
  5 centaurs
  2 lemures (D:8)
  A kobold brigand (D:8)
  4 bullfrogs
  3 killer bees (D:10)
  7 wights
  A howler monkey (D:13)
  3 hounds
  5 jellies
  4 orc priests
  Crazy Yiuf (D:7)
  An iron imp (D:10)
  2 centaur skeletons (D:6)
  3 iguanas
  10 orc wizards
  5 adders
  7 gnolls
  A white imp (D:7)
  An adder skeleton (D:4)
  A dart slug (D:4)
  44 orcs
  A bat (D:1)
  7 hobgoblins
  2 jackals
  A quokka (D:4)
  A ball python (D:3)
  A frilled lizard (D:2)
  3 goblins
  9 kobolds
  A rat (D:2)
  22 ball lightnings
458 creatures vanquished.

Vanquished Creatures (others)
  A deep elf zephyrmancer (Elf:1)
  2 orcs (Orc:2)
  274 ball lightnings
  3 briar patches (Depths:2)
  A bush (D:10)
  56 fungi
  281 plants
  7 snaplasher vines
625 creatures vanquished.

Grand Total: 2545 creatures vanquished
